Workbook

Sheet Poètes d'aujourd'hui
A1: No de séquence | B1: ISBN | C1: Langue de publication | D1: Pays de publication | E1: Cote | F1: Titre/auteur | G1: Type de document | H1: Editeur | I1: Date | J1: Collation | K1: Collection | L1: Résumé | M1: Indice CDU | N1: Indexation matière | O1: Auteurs principaux | P1: Auteurs secondaires | Q1: Note du catalogueur | R1: Code sujet | S1: Statut de la notice | T1: Code-barres | U1: Consultation | V1: Fonds | W1: Sous-localisation | X1: Catégorie documentaire | Y1: Etat de disponibilité
A2: 162163 | C2: fre | D2: FR | E2: 820"17" BLAK 5 RO | F2: William Blake / Jean Rousselot [Choix de poèmes trad. par Jean Rousselot, assisté par Anne-Marie Rousselot] | G2: LIVRE | H2: Seghers, | I2: 1975 | J2: 189 p.-pl. ; 16 cm | K2: Poètes d'aujourd'hui ; | M2: 820"17" BLAK | N2: Blake, William 1757-1827 | O2: Rousselot, Jean 1913-2004 | P2: Blake, William 1757-1827|Rousselot, Anne-Marie | S2: ACT | T2: 37504003313663 | U2: =IFERROR(VLOOKUP(T2,RQC!B$2:B$23143,9,FALSE),0) -> 0 | V2: PAPI | W2: TROI | X2: LL | Y2: DI
A3: 26459 | C3: fre | D3: FR | E3: 820"18" BRON.E 5 EA | F3: Emily Brontë / [présentation] par Françoise d'Eaubonne.. | G3: LIVRE | H3: Seghers, | I3: 1964 | J3: 191 p.-pl. ; 16 cm | K3: Poètes d'aujourd'hui ; | M3: 820"18" BRON.E | N3: Brontë, Emily 1818-1848 | O3: Eaubonne, Françoise d' 1920-2005 | P3: Brontë, Emily 1818-1848 | S3: ACT | T3: 37504003390745 | U3: =IFERROR(VLOOKUP(T3,RQC!B$2:B$23143,9,FALSE),0) -> 0 | V3: PAPI | W3: TROI | X3: LL | Y3: DI
A4: 459006 | C4: fre | D4: FR | E4: 820"18" CARR 5 PA | F4: Lewis Carroll / un étude de Henri Parisot avec un choix de textes... | G4: LIVRE | H4: Seghers, | I4: 1972 | J4: 190 p. ; 16 cm | K4: Poètes d'aujourd'hui ; | M4: 820"18" CARR | N4: Carroll, Lewis 1832-1898 | O4: Carroll, Lewis 1832-1898 | P4: Parisot, Henri 1908-1979 | S4: ACT | T4: 37504003514054 | U4: =IFERROR(VLOOKUP(T4,RQC!B$2:B$23143,9,FALSE),0) -> 0 | V4: PAPI | W4: TROI | X4: LL | Y4: DI
A5: 405999 | C5: fre | D5: FR | E5: 821 DICK 2 | F5: Emily Dickinson / présentation par Alain Bosquet... | G5: LIVRE | H5: Seghers, | I5: 1957 | J5: 207 p. ; 16 cm | K5: Poètes d'aujourd'hui ; | M5: 821 DICK | N5: Dickinson, Emily 1830-1886 | O5: Dickinson, Emily 1830-1886 | P5: Bosquet, Alain 1919-1998 | S5: ACT | T5: 37504002260485 | U5: =IFERROR(VLOOKUP(T5,RQC!B$2:B$23143,9,FALSE),0) -> 0 | V5: PAPI | W5: TROI | X5: LL | Y5: DI
A6: 189362 | C6: fre eng | D6: FR | E6: 821 GINS 5 TY | F6: Allen Ginsberg / étude de Christine Tysh ; [trad. par Claude Guillot] | G6: LIVRE | H6: Seghers, | I6: 1974 | J6: 182 p. : ill. ; 16 cm | K6: Poètes d'aujourd'hui ; | M6: 821 GINS | N6: Ginsberg, Allen 1926-1997 | O6: Tysh, Christine | P6: Guillot, Claude 19..-197.? poète | S6: ACT | T6: 37504003888425 | U6: =IFERROR(VLOOKUP(T6,RQC!B$2:B$23143,9,FALSE),0) -> 0 | V6: PAPI | W6: TROI | X6: LL | Y6: DI
A7: 607315 | C7: fre eng | D7: FR | E7: 821 HUGH 5 DO | F7: Langston Hughes/ / présentation par François Dodat, choix de textes, bibliographie, portraits, fac-similés | G7: LIVRE | H7: P. Seghers, | I7: 1967 | J7: 191 p. : ill. ; 16 cm | K7: Poètes d'aujourd'hui | M7: 821 HUGH | N7: Hughes, Langston 1902-1967 | P7: Hughes, Langston 1902-1967|Dodat, François 1908-1996 | S7: ACT | T7: 37504005592439 | U7: =IFERROR(VLOOKUP(T7,RQC!B$2:B$23143,9,FALSE),0) -> 0 | V7: PAPI | W7: TROI | X7: LL | Y7: DI
A8: 607313 | C8: fre | D8: FR | E8: 821 POE. 5 RO | F8: Edgar Allan Poe / une étude de Jean Rousselot avec un choix de textes... | G8: LIVRE | H8: Seghers, | I8: 1973 | J8: 207 p. ; 16 cm | K8: Poètes d'aujourd'hui ; | M8: 821 POE. | N8: Poe, Edgar Allan 1809-1849 | O8: Poe, Edgar Allan 1809-1849 | P8: Rousselot, Jean 1913-2004 | S8: ACT | T8: 37504005592413 | U8: =IFERROR(VLOOKUP(T8,RQC!B$2:B$23143,9,FALSE),0) -> 0 | V8: PAPI | W8: TROI | X8: LL | Y8: DI
A9: 787902 | C9: fre | D9: FR | E9: 821 WHIT 2 | F9: Walt Whitman : une étude / de Paul Jamati, avec un choix de poèmes, des illustrations | G9: LIVRE | H9: Seghers, | I9: 1973 | J9: 223 p. ; 16 cm | K9: Poètes d'aujourd'hui ; | M9: 821 WHIT | N9: Whitman, Walt 1819-1892--Critique et interprétation | O9: Whitman, Walt 1819-1892 | P9: Jamati, Paul 1890-1960 | S9: ACT | T9: 37504005682917 | U9: =IFERROR(VLOOKUP(T9,RQC!B$2:B$23143,9,FALSE),0) -> 0 | V9: PAPI | W9: TROI | X9: LL | Y9: DI
A10: 607314 | C10: fre eng | D10: FR | E10: 821 WILL.C 5 VE | F10: William Carlos Williams / essai de Laurette Veza, bibliographie, illustrations | G10: LIVRE | H10: P. Seghers, | I10: 1974 | J10: 187 p. : ill. ; 16 cm | K10: Poètes d'aujourd'hui ; | M10: 821 WILL.C | N10: Williams, William Carlos 1883-1963 | P10: Veza, Laurette 1924-1988 | S10: ACT | T10: 37504005592421 | U10: =IFERROR(VLOOKUP(T10,RQC!B$2:B$23143,9,FALSE),0) -> 0 | V10: PAPI | W10: TROI | X10: LL | Y10: DI
A11: 33966 | C11: fre ger | D11: FR | E11: 830"17" HOLD 5 JA | F11: Hölderlin / Gilles Jallet, Friedrich Hölderlin | G11: LIVRE | H11: Seghers, | I11: 1985 | J11: 217 p. ; 16 cm | K11: Poètes d'aujourd'hui ; | M11: 830"17" HOLD | N11: Hölderlin, Friedrich 1770-1843--Critique et interprétation | O11: Jallet, Gilles 1956-.... | P11: Hölderlin, Friedrich 1770-1843 | S11: ACT | T11: 37504002836565 | U11: =IFERROR(VLOOKUP(T11,RQC!B$2:B$23143,9,FALSE),0) -> 0 | V11: PAPI | W11: TROI | X11: LL | Y11: DI
A12: 91833 | B12: 2-232-10241-6 | C12: fre | D12: FR | E12: 830"17" NOVA 5 JA | F12: Novalis / Gilles Jallet | G12: LIVRE | H12: Seghers, | I12: 1990 | J12: 175 p. : couv. ill. ; 16 cm | K12: Poètes d'aujourd'hui ; | M12: 830"17" NOVA | N12: Novalis 1772-1801--Critique et interprétation|Novalis 1772-1801 | O12: Jallet, Gilles 1956-.... 070 | S12: ACT | T12: 37504002836763 | U12: =IFERROR(VLOOKUP(T12,RQC!B$2:B$23143,9,FALSE),0) -> 0 | V12: PAPI | W12: TROI | X12: LL | Y12: DI
A13: 72687 | C13: fre | D13: FR | E13: 830"19" BENN 5 LO | F13: Gottfried Benn / une étude de Jean-Charles Lombard ; avec un choix de textes, une bibliogr., des ill. | G13: LIVRE | H13: Seghers, | I13: 1973 | J13: 188 p. : ill. ; 17 cm | K13: Poètes d'aujourd'hui ; | M13: 830"19" BENN | N13: Benn, Gottfried 1886-1956 | O13: Lombard, Jean-Charles 1939-.... | P13: Benn, Gottfried 1886-1956 | S13: ACT | T13: 37504003331871 | U13: =IFERROR(VLOOKUP(T13,RQC!B$2:B$23143,9,FALSE),0) -> 0 | V13: PAPI | W13: TROI | X13: LL | Y13: DI
A14: 72688 | C14: fre | D14: FR | E14: 831 HOFM 5 CO | F14: Hofmannsthal / une étude de Etienne Coche de la Ferté ; avec un choix de textes, une bibliogr., des ill. | G14: LIVRE | H14: Seghers, | I14: 1973 | J14: 189 p. : ill. ; 17 cm | K14: Poètes d'aujourd'hui ; | M14: 831 HOFM | N14: Hofmannsthal, Hugo von 1874-1929 | O14: Coche de La Ferté, Étienne 1909-1988 | P14: Hofmannsthal, Hugo von 1874-1929 | S14: ACT | T14: 37504002489944 | U14: =IFERROR(VLOOKUP(T14,RQC!B$2:B$23143,9,FALSE),0) -> 0 | V14: PAPI | W14: TROI | X14: LL | Y14: DI
A15: 72690 | C15: fre | D15: FR | E15: 831 TRAK 5 RO | F15: Georg Trakl / une étude de Robert Rovini ; avec un choix de textes, une bibliogr., des ill. | G15: LIVRE | H15: Seghers, | I15: 1973 | J15: 190 p. : ill. ; 17 cm | K15: Poètes d'aujourd'hui ; | M15: 831 TRAK | N15: Trakl, Georg 1887-1914 | O15: Rovini, Robert 1925-1968 | P15: Trakl, Georg 1887-1914 | S15: ACT | T15: 37504003517321 | U15: =IFERROR(VLOOKUP(T15,RQC!B$2:B$23143,9,FALSE),0) -> 0 | V15: PAPI | W15: TROI | X15: LL | Y15: DI
A16: 190155 | C16: fre | D16: FR | E16: 839.32 JONC 5 BO | F16: Karel Jonckhere / présentation par Roger Bodart ; choix de textes, trad. par Hugo Richter | G16: LIVRE | H16: Seghers, | I16: 1968 | J16: 191 p. ; 16 cm | K16: Poètes d'aujourd'hui ; | M16: 839.32 JONC | N16: Jonckheere, Karel 1906-.... | O16: Bodart, Roger 1910-1973 | P16: Jonckheere, Karel 1906-....|Richter, Hugo | S16: ACT | T16: 37504003386370 | U16: =IFERROR(VLOOKUP(T16,RQC!B$2:B$23143,9,FALSE),0) -> 0 | V16: PAPI | W16: TROI | X16: LL | Y16: DI
A17: 415669 | B17: 2-232-12176-3 | C17: fre | D17: FR | E17: 840"18" BAUD 5 DE | F17: Charles Baudelaire / présentation et choix de textes par Luc Decaunes | G17: LIVRE | H17: Seghers, | I17: 2001 | J17: 254 p. : ill. ; 16 cm | K17: Poètes d'aujourd'hui | L17: A côté des irremplaçables poèmes de Baudelaire, ce volume propose de larges extraits de son oeuvre critique et réflexive. La lecture d'un poète par un autre. | M17: 840"18" BAUD | N17: Baudelaire, Charles 1821-1867--Critique et interprétation | O17: Decaunes, Luc 1913-2001 | P17: Baudelaire, Charles 1821-1867 | S17: ACT | T17: 37504004983399 | U17: =IFERROR(VLOOKUP(T17,RQC!B$2:B$23143,9,FALSE),0) -> 0 | V17: PAPI | W17: TROI | X17: LL | Y17: DI
A18: 21664 | C18: fre | D18: FR | E18: 840"18" BERT 5 RU | F18: Aloysius Bertrand / Fernand Rude, Aloysius Bertrand | G18: LIVRE | H18: Seghers, | I18: 1970 | J18: 189 p.-pl. ; 17cm | K18: Poètes d'aujourd'hui ; | M18: 840"18" BERT | N18: Bertrand, Aloysius 1807-1841 | O18: Rude, Fernand 1910-1990 | P18: Bertrand, Aloysius 1807-1841 | S18: ACT | T18: 37504003963905 | U18: =IFERROR(VLOOKUP(T18,RQC!B$2:B$23143,9,FALSE),0) -> 0 | V18: PAPI | W18: TROI | X18: LL | Y18: DI
A19: 95301 | C19: fre | D19: FR | E19: 840"18" CORB 5 RO | F19: Tristan Corbière / une étude de Jean Rousselot avec un choix de textes, une bibliographie, des illustrations | G19: LIVRE | H19: Seghers, | I19: 1973 | J19: 210 p.-pl. ; 16 cm | K19: Poètes d'aujourd'hui ; | M19: 840"18" CORB | N19: Corbière, Tristan 1845-1875 | P19: Rousselot, Jean 1913-2004 | S19: ACT | T19: 37504003883699 | U19: =IFERROR(VLOOKUP(T19,RQC!B$2:B$23143,9,FALSE),0) -> 0 | V19: PAPI | W19: TROI | X19: LL | Y19: DI
A20: 643817 | B20: 2-232-10828-7 | C20: fre | D20: FR | E20: 840"18" CROS 5 FO | F20: Charles Cros / Louis Forestier | G20: LIVRE | H20: Seghers, | I20: 1988 | J20: 175 p.-[8] p. de pl. : ill., couv. ill. ; 16 cm | K20: Poètes d'aujourd'hui ; | M20: 840"18" CROS | N20: Cros, Charles 1842-1888 | O20: Forestier, Louis 1931-....|Cros, Charles 1842-1888 | S20: ACT | T20: 37504006067233 | U20: =IFERROR(VLOOKUP(T20,RQC!B$2:B$23143,9,FALSE),0) -> 0 | V20: PAPI | W20: TROI | X20: LL | Y20: DI
A21: 28234 | B21: 2-221-04223-9 | C21: fre | D21: FR | E21: 840"18" DESB 5 MO | F21: Marceline Desbordes-Valmore / Jeanine Moulin | G21: LIVRE | H21: Seghers, | I21: 1983 | J21: 219 p.-[12] p. de pl. : couv. ill. ; 16 cm | K21: Poètes d'aujourd'hui ; | M21: 840"18" DESB | N21: Desbordes-Valmore, Marceline 1786-1859|Desbordes-Valmore, Marceline 1786-1859|Biographie | O21: Moulin, Jeanine 1912-1998 070 | S21: ACT | T21: 37504006307605 | U21: =IFERROR(VLOOKUP(T21,RQC!B$2:B$23143,9,FALSE),0) -> 0 | V21: PAPI | W21: TROI | X21: LL | Y21: DI
A22: 102768 | C22: fre | D22: FR | E22: 840"18" HUGO 5 PE | F22: Victor Hugo : étude, choix de poèmes / éd. de Louis Perche | G22: LIVRE | H22: Seghers, | I22: 1974 | J22: 222 p.-pl. ; 16 cm | K22: Poètes d'aujourd'hui ; | M22: 840"18" HUGO | N22: Hugo, Victor 1802-1885--Critique et interprétation | P22: Perche, Louis 1909-2003 | S22: ACT | T22: 37504003531439 | U22: =IFERROR(VLOOKUP(T22,RQC!B$2:B$23143,9,FALSE),0) -> 0 | V22: PAPI | W22: TROI | X22: LL | Y22: DI
A23: 406863 | C23: fre | D23: FR | E23: 840"18" LAFO 5 DU | F23: Jules Laforgue / une étude de Marie-Jeanne Durry | G23: LIVRE | H23: Seghers, | I23: 1971 | J23: 218 p. : ill. ; 17 cm | K23: Poètes d'aujourd'hui ; | M23: 840"18" LAFO | N23: Laforgue, Jules 1860-1887 | O23: Durry, Marie-Jeanne 1901-1980 | S23: ACT | T23: 37504003565544 | U23: =IFERROR(VLOOKUP(T23,RQC!B$2:B$23143,9,FALSE),0) -> 0 | V23: PAPI | W23: TROI | X23: LL | Y23: DI
A24: 200671 | C24: fre | D24: FR | E24: 840"18" LAUT 3 | F24: Lautréamont / Philippe Soupault, Lautréamont (comte de) | G24: LIVRE | H24: P. Seghers, | I24: 1973 | J24: 191 p. : ill. ; 16 cm | K24: Poètes d'aujourd'hui ; | M24: 840"18" LAUT | N24: Lautréamont 1846-1870 | O24: Soupault, Philippe 1897-1990 | P24: Lautréamont 1846-1870 | S24: ACT | T24: 37504003568597 | U24: =IFERROR(VLOOKUP(T24,RQC!B$2:B$23143,9,FALSE),0) -> 0 | V24: PAPI | W24: TROI | X24: LL | Y24: DI
A25: 459131 | B25: 2-232-12196-8 | C25: fre | D25: FR | E25: 840"18" LAUT 5 MA | F25: Isidore Ducasse : présentation et anthologie/ / par Bernard Marcadé | G25: LIVRE | H25: Seghers, | I25: 2002 | J25: 237 p. ; 17cm | K25: Poètes d'aujourd'hui | L25: Lautréamont est aux sources de la pensée littéraire et artistique du XXe siècle, par la contemporanéité de ses procédures littéraires et artistiques, et par la personnalité de ses principaux commentateurs. Sa poésie est aussi une réflexion sur le monde. | M25: 840"18" LAUT | N25: Lautréamont 1846-1870 | O25: Marcadé, Bernard 1955-.... | P25: Lautréamont 1846-1870 | S25: ACT | T25: 37504002520375 | U25: =IFERROR(VLOOKUP(T25,RQC!B$2:B$23143,9,FALSE),0) -> 0 | V25: PAPI | W25: TROI | X25: LL | Y25: DI
A26: 559330 | B26: 2-232-12222-0 | C26: fre | D26: FR | E26: 840"18" MALL 5 LA | F26: Stéphane Mallarmé / Patrick Laupin | G26: LIVRE | H26: Seghers, | I26: 2004 | J26: 291 p. ; 20 cm | K26: Poètes d'aujourd'hui | L26: P. Laupin, essayiste et poète, propose une analyse de l'oeuvre du poète en s'appuyant sur la lecture des fragments posthumes qui constituent le Livre de Mallarmé. Il révèle un Mallarmé différent, ignoré de l'histoire littéraire, bien loin de l'image du poète ésotérique, au contraire un Mallarmé épris d'absolu et de liberté. Avec une chronologie. | M26: 840"18" MALL | N26: Mallarmé, Stéphane 1842-1898--Critique et interprétation | O26: Laupin, Patrick 1950-.... | S26: ACT | T26: 37504006376873 | U26: =IFERROR(VLOOKUP(T26,RQC!B$2:B$23143,9,FALSE),0) -> 0 | V26: PAPI | W26: TROI | X26: LL | Y26: DI
A27: 94993 | C27: fre | D27: FR | E27: 840"18" MALL 5 WA | F27: Mallarmé / Pierre-Olivier Walzer | G27: LIVRE | H27: Seghers, | I27: 1988 | J27: 256 p.-pl. ; 16 cm | K27: Poètes d'aujourd'hui ; | M27: 840"18" MALL | N27: Mallarmé, Stéphane 1842-1898 | O27: Walzer, Pierre-Olivier 1915-2000 | S27: ACT | T27: 37504003612148 | U27: =IFERROR(VLOOKUP(T27,RQC!B$2:B$23143,9,FALSE),0) -> 0 | V27: PAPI | W27: TROI | X27: LL | Y27: DI
A28: 442113 | B28: 2-232-12190-9 | C28: fre | D28: FR | E28: 840"18" MUSS 5 SO | F28: Alfred de Musset : présentation et anthologie / Philippe Soupault | G28: LIVRE | H28: Seghers, | I28: 2001 | J28: 217 p. ; 17 cm | K28: Poètes d'aujourd'hui | M28: 840"18" MUSS | N28: Musset, Alfred de 1810-1857 | O28: Soupault, Philippe 1897-1990 | S28: ACT | T28: 37504002396693 | U28: =IFERROR(VLOOKUP(T28,RQC!B$2:B$23143,9,FALSE),0) -> 0 | V28: PAPI | W28: TROI | X28: LL | Y28: DI
A29: 1491034 | B29: 9782232121784 | C29: fre | D29: FR | E29: 840"18" RIMB 5 RA | F29: Arthur Rimbaud / Lionel Ray | G29: LIVRE | H29: Seghers, | I29: 2001 | J29: 1 vol. (206 p.) ; 16 x 14 cm | K29: Poètes d'aujourd'hui | M29: 840"18" RIMB | N29: Rimbaud, Arthur 1854-1891 | O29: Ray, Lionel 1935-.... | Q29: Retrait ed abîmée | R29: 840 | S29: ACT | T29: 37504101693461 | U29: =IFERROR(VLOOKUP(T29,RQC!B$2:B$23143,9,FALSE),0) -> 0 | V29: PAPI | W29: TROI | X29: LL | Y29: DI
A30: 497717 | B30: 2-232-12206-9 | C30: fre | D30: FR | E30: 840"19" ARAG 5 RA | F30: Louis Aragon / présentation et choix de textes par Lionel Ray | G30: LIVRE | H30: Seghers, | I30: 2002 | J30: 243 p. ; 17cm | K30: Poètes d'aujourd'hui | L30: Etude sur Louis Aragon, son oeuvre poétique, avec une sélection de ses principaux poèmes et une chronologie. | M30: 840"19" ARAG | N30: Aragon, Louis 1897-1982 | O30: Ray, Lionel 1935-.... | P30: Aragon, Louis 1897-1982 | S30: ACT | T30: 37504100832201 | U30: =IFERROR(VLOOKUP(T30,RQC!B$2:B$23143,9,FALSE),0) -> 0 | V30: PAPI | W30: TROI | X30: LL | Y30: DI
A31: 28559 | C31: fre | D31: FR | E31: 840"19" BENE 5 DE | F31: Mathieu Bénézet / Bernard Delvaille, Mathieu Bénézet | G31: LIVRE | H31: Seghers, | I31: 1984 | J31: 188 p. ; 16 cm | K31: Poètes d'aujourd'hui ; | M31: 840"19" BENE | N31: Bénézet, Mathieu 1946-2013 | O31: Delvaille, Bernard 1931-2006 | P31: Bénézet, Mathieu 1946-2013 | S31: ACT | T31: 37504002848198 | U31: =IFERROR(VLOOKUP(T31,RQC!B$2:B$23143,9,FALSE),0) -> 0 | V31: PAPI | W31: TROI | X31: LL | Y31: DI
A32: 70142 | B32: 2-232-10075-8 | C32: fre | D32: FR | E32: 840"19" BLAN.U 5 PE | F32: Maurice Blanchard / Pierre Peuchmaurd | G32: LIVRE | H32: Seghers, | I32: 1988 | J32: 1 vol. (219 p.) : couv. ill. ; 16 cm | K32: Poètes d'aujourd'hui | M32: 840"19" BLAN.U | N32: Blanchard, Maurice 1890-1960--Critique et interprétation|Blanchard, Maurice 1890-1960 | O32: Peuchmaurd, Pierre 1948-2009 070 | S32: ACT | T32: 37504002833554 | U32: =IFERROR(VLOOKUP(T32,RQC!B$2:B$23143,9,FALSE),0) -> 0 | V32: PAPI | W32: TROI | X32: LL | Y32: DI
A33: 130969 | C33: fre | D33: FR | E33: 840"19" BONN 5 JA | F33: Yves Bonnefoy / par John E. Jackson | G33: LIVRE | H33: Seghers, | I33: 1976 | J33: 190 p.-pl. ; 17 cm | K33: Poètes d'aujourd'hui ; | M33: 840"19" BONN | N33: Bonnefoy, Yves 1923-2016 | P33: Bonnefoy, Yves 1923-2016|Jackson, John Edwin 1945-.... | S33: ACT | T33: 37504003056064 | U33: =IFERROR(VLOOKUP(T33,RQC!B$2:B$23143,9,FALSE),0) -> 0 | V33: PAPI | W33: TROI | X33: LL | Y33: DI
A34: 94995 | C34: fre | D34: FR | E34: 840"19" BORN 5 VI | F34: Alain Borne / étude de Paul Vincensini, choix de textes, biographie, bibliographie | G34: LIVRE | H34: Seghers, | I34: 1974 | J34: 177 p.-pl. ; 16 cm | K34: Poètes d'aujourd'hui ; | M34: 840"19" BORN | N34: Borne, Alain 1915-1962 | O34: Vincensini, Paul | S34: ACT | T34: 37504002895116 | U34: =IFERROR(VLOOKUP(T34,RQC!B$2:B$23143,9,FALSE),0) -> 0 | V34: PAPI | W34: TROI | X34: LL | Y34: DI
A35: 195927 | C35: fre | D35: FR | E35: 840"19" BOUS 5 AN | F35: Joë Bousquet : trois études / Suzanne André, Hubert Juin, Gaston Massat, Joë Bousquet | G35: LIVRE | H35: P. Seghers, | I35: 1972 | J35: 217 p. : ill. ; 16 cm | K35: poètes d'aujourd'hui ; | M35: 840"19" BOUS | N35: Bousquet, Joë 1897-1950 | O35: André, Suzanne | P35: Juin, Hubert 1926-1987|Massat, Gaston 1909-1966|Bousquet, Joë 1897-1950 | S35: ACT | T35: 37504002920112 | U35: =IFERROR(VLOOKUP(T35,RQC!B$2:B$23143,9,FALSE),0) -> 0 | V35: PAPI | W35: TROI | X35: LL | Y35: DI
A36: 184962 | C36: fre | D36: FR | E36: 840"19" BRET 5 BE | F36: André Breton / Jean-Louis Bédouin, André Breton | G36: LIVRE | H36: Seghers, | I36: 1970 | J36: 187 p. : ill. ; 16 cm | K36: Poètes d'aujourd'hui ; | M36: 840"19" BRET | N36: Breton, André 1896-1966 | O36: Bédouin, Jean-Louis 1929-1996 | P36: Breton, André 1896-1966 | S36: ACT | T36: 37504002451670 | U36: =IFERROR(VLOOKUP(T36,RQC!B$2:B$23143,9,FALSE),0) -> 0 | V36: PAPI | W36: TROI | X36: LL | Y36: DI
A37: 21434 | C37: fre | E37: 840"19" CEND 5 PA | F37: Blaise Cendrars / Louis Parrot, Blaise Cendrars | G37: LIVRE | H37: Seghers, | I37: 1971 | J37: 218 p. : ill. ; 16 cm | K37: Poètes d'aujourd'hui ; | M37: 840"19" CEND | N37: Cendrars, Blaise 1887-1961 | O37: Parrot, Louis 1906-1948 | P37: Cendrars, Blaise 1887-1961 | S37: ACT | T37: 37504002467742 | U37: =IFERROR(VLOOKUP(T37,RQC!B$2:B$23143,9,FALSE),0) -> 0 | V37: PAPI | W37: TROI | X37: LL | Y37: DI
A38: 184616 | C38: fre | D38: FR | E38: 840"19" CHAB 5 BL | F38: Philippe Chabaneix : choix de textes, bibliographie / présentation par André Blanchard et Robert Houdelot | G38: LIVRE | H38: Seghers, | I38: 1966 | J38: 189 p. : ill. ; 16 cm | K38: Poètes d'aujourd'hui ; | M38: 840"19" CHAB.H | O38: Blanchard, André 1906-1975 | P38: Houdelot, Robert 1912-1997|Chabaneix, Philippe 1898-1982 | S38: ACT | T38: 37504002468195 | U38: =IFERROR(VLOOKUP(T38,RQC!B$2:B$23143,9,FALSE),0) -> 0 | V38: PAPI | W38: TROI | X38: LL | Y38: DI
A39: 120484 | C39: fre | D39: FR | E39: 840"19" CHAR 5 GU | F39: René Char : choix de textes, bibliographie, portraits, fac-similés / présentation par Pierre Guerre | G39: LIVRE | H39: P. Seghers, | I39: 1971 | J39: 187 p.-pl. ; 16 cm | K39: Poètes d'aujourd'hui ; | M39: 840"19" CHAR | N39: Char, René 1907-1988 | P39: Guerre, Pierre 1910-1978 | S39: ACT | T39: 37504002468773 | U39: =IFERROR(VLOOKUP(T39,RQC!B$2:B$23143,9,FALSE),0) -> 0 | V39: PAPI | W39: TROI | X39: LL | Y39: DI
A40: 184964 | C40: fre | D40: FR | E40: 840"19" CLAN 5 BE | F40: Georges-Emmanuel Clancier / Michel-Georges Bernard | G40: LIVRE | H40: Seghers, | I40: 1967 | J40: 191 p. : ill. ; 16 cm | K40: Poètes d'aujourd'hui ; | M40: 840"19" CLAN | N40: Clancier, Georges-Emmanuel 1914-2018 | O40: Bernard, Michel-Georges 1944-.... | S40: ACT | T40: 37504002493318 | U40: =IFERROR(VLOOKUP(T40,RQC!B$2:B$23143,9,FALSE),0) -> 0 | V40: PAPI | W40: TROI | X40: LL | Y40: DI
A41: 21027 | B41: 2-232-10246-7 | C41: fre | D41: FR | E41: 840"19" COCT 5 LA | F41: Jean Cocteau / par Roger Lannes | G41: LIVRE | H41: Seghers, | I41: 1989 | J41: 188 p. : ill., couv. ill. ; 16 cm | K41: Poètes d'aujourd'hui ; | M41: 840"19" COCT | N41: Cocteau, Jean 1889-1963|Cocteau, Jean 1889-1963 | O41: Lannes, Roger 1909-1982 070 | S41: ACT | T41: 37504003352844 | U41: =IFERROR(VLOOKUP(T41,RQC!B$2:B$23143,9,FALSE),0) -> 0 | V41: PAPI | W41: TROI | X41: LL | Y41: DI
A42: 184963 | C42: fre | D42: FR | E42: 840"19" DAUM 5 BI | F42: René Daumal / Jean Biès | G42: LIVRE | H42: Seghers, | I42: 1967 | J42: 190 p. : ill. ; 16 cm | K42: Poètes d'aujourd'hui ; | M42: 840"19" DAUM | N42: Daumal, René 1908-1944 | O42: Biès, Jean 1933-2014 | S42: ACT | T42: 37504003366190 | U42: =IFERROR(VLOOKUP(T42,RQC!B$2:B$23143,9,FALSE),0) -> 0 | V42: PAPI | W42: TROI | X42: LL | Y42: DI
A43: 96532 | C43: fre | D43: FR | E43: 840"19" DEGU 5 QU | F43: Michel Deguy / Pascal Quignard | G43: LIVRE | H43: Seghers, | I43: 1975 | J43: 159 p.-pl. ; 16 cm | K43: Poètes d'aujourd'hui ; | M43: 840"19" DEGU | N43: Deguy, Michel 1930-2022 | O43: Quignard, Pascal 1948-.... | S43: ACT | T43: 37504003366646 | U43: =IFERROR(VLOOKUP(T43,RQC!B$2:B$23143,9,FALSE),0) -> 0 | V43: PAPI | W43: TROI | X43: LL | Y43: DI
A44: 184603 | C44: fre | D44: FR | E44: 840"19" DESN 5 BE | F44: Robert Desnos / Pierre Berger, Robert Desnos | G44: LIVRE | H44: Seghers, | I44: 1973 | J44: 191 p. : ill. ; 16 cm | K44: Poètes d'aujourd'hui | M44: 840"19" DESN | O44: Berger, Pierre | P44: Desnos, Robert 1900-1945 | S44: ACT | T44: 37504003280706 | U44: =IFERROR(VLOOKUP(T44,RQC!B$2:B$23143,9,FALSE),0) -> 0 | V44: PAPI | W44: TROI | X44: LL | Y44: DI
A45: 459132 | B45: 2-232-12189-5 | C45: fre | D45: FR | E45: 840"19" DUBO.A 5 LA | F45: André du Bouchet / présentation et anthologie par Clément Layet | G45: LIVRE | H45: Seghers, | I45: 2002 | J45: 250 p. : ill. ; 17 cm | K45: Poètes d'aujourd'hui | L45: Présente un des poètes majeurs de la génération qui s'est fait connaître à partir des années 50. L'ouvrage est axé autour de cinq thèmes principaux, annoncés chacun par un texte de Du Bouchet : la relation à l'espace, la peinture comme moteur d'écriture, le rapport à l'autre, le rêve, la politique et la question du temps. | M45: 840"19" DUBO.A | N45: Du Bouchet, André 1924-2001 | O45: Layet, Clément 1978-.... | P45: Du Bouchet, André 1924-2001 | S45: ACT | T45: 37504100832359 | U45: =IFERROR(VLOOKUP(T45,RQC!B$2:B$23143,9,FALSE),0) -> 0 | V45: PAPI | W45: TROI | X45: LL | Y45: DI
A46: 143889 | C46: fre | D46: FR | E46: 840"19" DUBO.A 5 CH | F46: André du Bouchet / [éd.] par Pierre Chappuis | G46: LIVRE | H46: Seghers, | I46: 1979 | J46: 172 p. ; 16 cm | K46: Poètes d'aujourd'hui | M46: 840"19" DUBO.A | N46: Du Bouchet, André 1924-2001 | P46: Chappuis, Pierre 1930-2020 | S46: ACT | T46: 37504003291307 | U46: =IFERROR(VLOOKUP(T46,RQC!B$2:B$23143,9,FALSE),0) -> 0 | V46: PAPI | W46: TROI | X46: LL | Y46: DI
A47: 108505 | C47: fre | D47: FR | E47: 840"19" DUPI 5 RA | F47: Jacques Dupin / Georges Raillard | G47: LIVRE | H47: P. Seghers, | I47: 1974 | J47: 192 p. ; 16 cm | K47: Poètes d'aujourd'hui ; | M47: 840"19" DUPI | N47: Dupin, Jacques 1927-2012 | O47: Raillard, Georges 1927-2018 | S47: ACT | T47: 37504003111059 | U47: =IFERROR(VLOOKUP(T47,RQC!B$2:B$23143,9,FALSE),0) -> 0 | V47: PAPI | W47: TROI | X47: LL | Y47: DI
A48: 14209 | C48: fre | D48: FR | E48: 840"19" DUPR 5 BA | F48: Jean-Pierre Duprey / Jean-Christophe Bailly | G48: LIVRE | H48: P. Seghers, | I48: 1973 | J48: 164 p. : ill. ; 16 cm | K48: Poètes d'aujourd'hui ; | M48: 840"19" DUPR | N48: Duprey, Jean-Pierre 1930-1959 | O48: Bailly, Jean-Christophe 1949-.... | S48: ACT | T48: 37504100825650 | U48: =IFERROR(VLOOKUP(T48,RQC!B$2:B$23143,9,FALSE),0) -> 0 | V48: PAPI | W48: TROI | X48: LL | Y48: DI
A49: 175009 | C49: fre | D49: FR | E49: 840"19" DURR 5 MA | F49: Marie-Jeanne Durry / présentation par Jacques Madaule ; choix de textes de M.-J. Durry | G49: LIVRE | H49: P. Seghers, | I49: 1966 | J49: 192 p. ; 16 cm | K49: Poètes d'aujourd'hui ; | M49: 840"19" DURR | N49: Durry, Marie-Jeanne 1901-1980 | O49: Durry, Marie-Jeanne 1901-1980 | P49: Madaule, Jacques 1898-1993 | S49: ACT | T49: 37504003374103 | U49: =IFERROR(VLOOKUP(T49,RQC!B$2:B$23143,9,FALSE),0) -> 0 | V49: PAPI | W49: TROI | X49: LL | Y49: DI
A50: 152858 | B50: 2-221-50189-6 | C50: fre | D50: FR | E50: 840"19" FAYE 5 PA | F50: Jean-Pierre Faye / Maurice Partouche | G50: LIVRE | H50: Seghers, | I50: 1980 | J50: 218 p. : fac-sim., couv. ill. ; 16 cm | K50: Poètes d'aujourd'hui ; | M50: 840"19" FAYE | N50: Faye, Jean-Pierre 1925-....|Faye, Jean-Pierre 1925-.... | O50: Partouche, Maurice 070 | S50: ACT | T50: 37504003305917 | U50: =IFERROR(VLOOKUP(T50,RQC!B$2:B$23143,9,FALSE),0) -> 0 | V50: PAPI | W50: TROI | X50: LL | Y50: DI
A51: 98406 | C51: fre | D51: FR | E51: 840"19" FOLL 5 DH | F51: Jean Follain : une étude, un choix de textes / de Jean Follain ; [par] André Dhôtel | G51: LIVRE | H51: Seghers, | I51: 1972 | J51: 191 p.-pl. ; 16 cm | K51: Poètes d'aujourd'hui ; | M51: 840"19" FOLL | N51: Follain, Jean 1903-1971 | P51: Follain, Jean 1903-1971|Dhôtel, André 1900-1991 | S51: ACT | T51: 37504003306402 | U51: =IFERROR(VLOOKUP(T51,RQC!B$2:B$23143,9,FALSE),0) -> 0 | V51: PAPI | W51: TROI | X51: LL | Y51: DI
A52: 197088 | C52: fre | D52: FR | E52: 840"19" FORT 5 BE | F52: Paul Fort / Pierre Béarn, Paul Fort | G52: LIVRE | H52: Seghers, | I52: 1975 | J52: 191p.-pl. : ill. ; 16 cm | K52: Poètes d'aujourd'hui ; | M52: 840"19" FORT | O52: Béarn, Pierre 1902-2004 | P52: Fort, Paul 1872-1960 | S52: ACT | T52: 37504003311410 | U52: =IFERROR(VLOOKUP(T52,RQC!B$2:B$23143,9,FALSE),0) -> 0 | V52: PAPI | W52: TROI | X52: LL | Y52: DI
A53: 177784 | C53: fre | D53: FR | E53: 840"19" FOUC 5 QU | F53: Max-Pol Fouchet / Jean Queval, Max-Pol Fouchet | G53: LIVRE | H53: Seghers, | I53: 1969 | J53: 186 p. :ill. ; 16 cm | K53: Poètes d'aujourd'hui ; | M53: 840"19" FOUC | N53: Fouchet, Max-Pol 1913-1980 | O53: Queval, Jean 1913-1990 | P53: Fouchet, Max-Pol 1913-1980 | S53: ACT | T53: 37504003311311 | U53: =IFERROR(VLOOKUP(T53,RQC!B$2:B$23143,9,FALSE),0) -> 0 | V53: PAPI | W53: TROI | X53: LL | Y53: DI
A54: 785393 | B54: 978-2-232-12260-6 | C54: fre | D54: FR | E54: 840"19" GASP 5 DE | F54: Lorand Gaspar / Jean-Yves Debreuille | G54: LIVRE | H54: Seghers, | I54: 2007 | J54: 258 p. ; 20 cm | K54: Poètes d'aujourd'hui | L54: La 1re partie de l'ouvrage permet de suivre l'itinéraire personnel et littéraire du poète, au confluent des cultures de Hongrie, de Transylvanie, de Paris, Bethléem et Tunis. L'anthologie occupe la 2e partie, où les poèmes associent littérature et science. Ainsi le poète mobilise, pour évoquer le désert, des connaissances en biologie végétale, archéologie, langues anciennes et livres sacrés. | M54: 840"19" GASP | N54: Gaspar, Lorand 1925-2019 | O54: Debreuille, Jean-Yves | P54: Gaspar, Lorand 1925-2019 | S54: ACT | T54: 37504004260616 | U54: =IFERROR(VLOOKUP(T54,RQC!B$2:B$23143,9,FALSE),0) -> 0 | V54: PAPI | W54: TROI | X54: LL | Y54: DI
A55: 75460 | B55: 2-232-10073-1 | C55: fre | D55: FR | E55: 840"19" GILB 5 NO | F55: Roger Gilbert-Lecomte / Christian Noorbergen | G55: LIVRE | H55: Seghers, | I55: 1988 | J55: 1 vol. (188 p.) : couv. ill. ; 16 cm | K55: Poètes d'aujourd'hui ; | M55: 840"19" GILB | N55: Gilbert-Lecomte, Roger 1907-1943--Critique et interprétation|Gilbert-Lecomte, Roger 1907-1943 | O55: Noorbergen, Christian 1946-.... 070 | S55: ACT | T55: 37504003513841 | U55: =IFERROR(VLOOKUP(T55,RQC!B$2:B$23143,9,FALSE),0) -> 0 | V55: PAPI | W55: TROI | X55: LL | Y55: DI
A56: 2140 | C56: fre | D56: FR | E56: 840"19" GILS 5 DE | F56: Paul Gilson : Choix de textes, inédits, bibliographie, portraits et fac-similés / présentation par Germaine Decaris suivie de "La Poésie de l'authenticité" par Pierre Mac Orlan | G56: LIVRE | H56: Seghers, | I56: 1959 | J56: 221 p. : ill. ; 16 cm | K56: Poètes d'aujourd'hui ; | M56: 840"19" GILS | N56: Gilson, Paul 1904-1963 | P56: Decaris, Germaine 1899-1955|Mac Orlan, Pierre 1882-1970 | S56: ACT | T56: 37504003513890 | U56: =IFERROR(VLOOKUP(T56,RQC!B$2:B$23143,9,FALSE),0) -> 0 | V56: PAPI | W56: TROI | X56: LL | Y56: DI
A57: 30026 | B57: 2-221-00779-4 | C57: fre | D57: FR | E57: 840"19" GLIS 5 RA | F57: Édouard Glissant / Daniel Radford | G57: LIVRE | H57: Seghers, | I57: 1982 | J57: 190 p. : ill., couv. ill. ; 16 cm | K57: Poètes d'aujourd'hui ; | M57: 840"19" GLIS | N57: Glissant, Édouard 1928-2011|Glissant, Édouard 1928-2011 | O57: Radford, Daniel 1953-.... 070 | S57: ACT | T57: 37504003519624 | U57: =IFERROR(VLOOKUP(T57,RQC!B$2:B$23143,9,FALSE),0) -> 0 | V57: PAPI | W57: TROI | X57: LL | Y57: DI
A58: 620386 | B58: 2-232-12249-2 | C58: fre | D58: FR | E58: 840"19" GROS 5 MA | F58: Jean Grosjean / Jean-Luc Maxence | G58: LIVRE | H58: Seghers, | I58: 2005 | J58: 219 p.- 4 pl. : ill. ; 20 cm | K58: Poètes d'aujourd'hui | L58: Une étude de l'un des grands noms de la poésie française du XXe siècle, dont l'oeuvre est entièrement adossée au sacré, et un choix de textes établi par l'auteur lui-même dans "Austrasie", "Nathanaël", "Cantilènes", "Les vasistas", "Les parvis", etc. | M58: 840"19" GROS | N58: Grosjean, Jean 1912-2006--Critique et interprétation | O58: Maxence, Jean-Luc 1946-.... | P58: Grosjean, Jean 1912-2006 | S58: ACT | T58: 37504005620099 | U58: =IFERROR(VLOOKUP(T58,RQC!B$2:B$23143,9,FALSE),0) -> 0 | V58: PAPI | W58: TROI | X58: LL | Y58: DI
A59: 18343 | C59: fre | D59: FR | E59: 840"19" GUIL 5 TO | F59: Guillevic / Jean Tortel, Eugène Guillevic | G59: LIVRE | H59: Seghersd1971 | I59: 1971 | J59: 219 p. : ill. ; 17 cm | K59: Poètes d'aujourd'hui | M59: 840"19" GUIL | N59: Guillevic, Eugène 1907-1997 | O59: Tortel, Jean 1904-1993 | P59: Guillevic, Eugène 1907-1997 | S59: ACT | T59: 37504003527908 | U59: =IFERROR(VLOOKUP(T59,RQC!B$2:B$23143,9,FALSE),0) -> 0 | V59: PAPI | W59: TROI | X59: LL | Y59: DI
A60: 95115 | C60: fre | D60: FR | E60: 840"19" HARD.A 5 JU | F60: André Hardellet / Hubert Juin | G60: LIVRE | H60: Seghers, | I60: 1975 | J60: 159 p. : ill. ; 16 cm | K60: Poètes d'aujourd'hui ; | M60: 840"19" HARD.A | N60: Hardellet, André 1911-1974 | O60: Juin, Hubert 1926-1987 | S60: ACT | T60: 37504003492335 | U60: =IFERROR(VLOOKUP(T60,RQC!B$2:B$23143,9,FALSE),0) -> 0 | V60: PAPI | W60: TROI | X60: LL | Y60: DI
A61: 673459 | B61: 2-232-12227-1 | C61: fre | D61: FR | E61: 840"19" HOCQ 5 TI | F61: Emmanuel Hocquard / par Gilles A. Tiberghien | G61: LIVRE | H61: Seghers, | I61: 2006 | J61: 1 vol. (253 p.) : couv. ill. ; 20 cm | K61: Poètes d'aujourd'hui | L61: Une invitation à découvrir l'oeuvre du poète Emmanuel Hocquard, auteur de "L'invention du verre" en 2003. Son oeuvre interroge la grammaire, dérobe les formes littéraires comme celle du roman noir américain, et tend à effacer les genres. Longtemps imprimeur, il fonda sa propre maison d'édition, soucieux de faire découvrir la poésie américaine. | M61: 840"19" HOCQ | N61: Hocquard, Emmanuel 1940-2019--Critique et interprétation | O61: Tiberghien, Gilles A. 1953-.... | S61: ACT | T61: 37504005865942 | U61: =IFERROR(VLOOKUP(T61,RQC!B$2:B$23143,9,FALSE),0) -> 0 | V61: PAPI | W61: TROI | X61: LL | Y61: DI
A62: 749454 | B62: 978-2-232-12262-0 | C62: fre | D62: FR | E62: 840"19" JABE 5 CA | F62: Edmond Jabès / par Didier Cahen | G62: LIVRE | H62: Seghers, | I62: 2007 | J62: 1 vol. (219 p.-[2] p. de pl.) : ill., couv. ill. ; 20 cm | K62: Poètes d'aujourd'hui | L62: Poète égyptien de langue française, Edmond Jabès interroge les liens qui unissent son destin d'exilé à la révélation d'un judaïsme qu'il soupçonnait à peine. Didier Cahen s'attache à suivre, dans l'oeuvre de l'écrivain, les lignes déliées de la création poétique. L'anthologie qui compose la seconde partie fait entendre le chant d'amour et d'espérance du poète qui habita le monde en nomade. | M62: 840"19" JABE | N62: Jabès, Edmond 1912-1991 | O62: Cahen, Didier 1950-.... | P62: Jabès, Edmond 1912-1991 | S62: ACT | T62: 37504006147902 | U62: =IFERROR(VLOOKUP(T62,RQC!B$2:B$23143,9,FALSE),0) -> 0 | V62: PAPI | W62: TROI | X62: LL | Y62: DI
A63: 16441 | C63: fre | D63: FR | E63: 840"19" JACO 5 BI | F63: Max Jacob / André Billy | G63: LIVRE | H63: Seghers, | I63: 1969 | J63: 188 p. : ill. ; 16 cm | K63: Poétes d'aujourd'hui ; | M63: 840"19" JACO | N63: Jacob, Max 1876-1944 | O63: Billy, André 1882-1971 | S63: ACT | T63: 37504003127063 | U63: =IFERROR(VLOOKUP(T63,RQC!B$2:B$23143,9,FALSE),0) -> 0 | V63: PAPI | W63: TROI | X63: LL | Y63: DI
A64: 4781 | C64: fre | D64: FR | E64: 840"19" JARR 5 LE | F64: Alfred Jarry / Jacques Levesque Henry | G64: LIVRE | H64: Seghers, | I64: 1973 | J64: 219 p. : ill. ; 16 cm | K64: Poètes d'aujourd'hui ; | M64: 840"19" JARR | N64: Jarry, Alfred 1873-1907 | O64: Lévesque, Jacques-Henry 1899-1971 | S64: ACT | T64: 37504003498381 | U64: =IFERROR(VLOOKUP(T64,RQC!B$2:B$23143,9,FALSE),0) -> 0 | V64: PAPI | W64: TROI | X64: LL | Y64: DI
A65: 781231 | C65: fre | D65: FR | E65: 840"19" JOUV 5 MI | F65: Pierre Jean jouve / une étude de René Micha | G65: LIVRE | H65: Seghers, | I65: 1971 | J65: 191 p. : ill. ; 17 cm | K65: Poètes d'aujourd'hui ; | M65: 840"19" JOUV | N65: Jouve, Pierre Jean 1887-1976 | O65: Micha, René | S65: ACT | T65: 37504005583974 | U65: =IFERROR(VLOOKUP(T65,RQC!B$2:B$23143,9,FALSE),0) -> 0 | V65: PAPI | W65: TROI | X65: LL | Y65: DI
A66: 785189 | C66: fre | D66: FR | E66: 840"19" LEIR 5 CH | F66: Michel Leiris : une étude / de Pierre Chappuis | G66: LIVRE | H66: Seghers, | I66: 1973 | J66: 193 p. ; 16 cm | K66: Poètes d'aujourd'hui ; | M66: 840"19" LEIR | N66: Leiris, Michel 1901-1990 | O66: Chappuis, Pierre 1930-2020 | P66: Leiris, Michel 1901-1990 | S66: ACT | T66: 37504005584261 | U66: =IFERROR(VLOOKUP(T66,RQC!B$2:B$23143,9,FALSE),0) -> 0 | V66: PAPI | W66: TROI | X66: LL | Y66: DI
A67: 231154 | B67: 2-232-10362-5 | C67: fre | D67: FR | E67: 840"19" LEVI 5 CH | F67: Guy Lévis Mano / étude de Andrée Chédid et Pierre Torreilles... | G67: LIVRE | H67: Seghers, | I67: 1990 | J67: 189-[16] p. de pl. : ill., couv. ill. ; 16 cm | K67: Poètes d'aujourd'hui ; | M67: 840"19" LEVI | N67: Lévis Mano, Guy 1904-1980|Lévis Mano, Guy 1904-1980 | O67: Chedid, Andrée 1920-2011 070 | P67: Torreilles, Pierre 1921-2005 | S67: ACT | T67: 37504003397211 | U67: =IFERROR(VLOOKUP(T67,RQC!B$2:B$23143,9,FALSE),0) -> 0 | V67: PAPI | W67: TROI | X67: LL | Y67: DI
A68: 197312 | B68: 2-221-50180-2 | C68: fre | D68: FR | E68: 840"19" MICH.H 5 BE | F68: Henri Michaux / René Bertelé | G68: LIVRE | H68: Seghers, | I68: 1980 | J68: 1 vol. (189 p.) : ill., couv. ill. ; 16 cm | K68: Poètes d'aujourd'hui ; | M68: 840"19" MICH.H | N68: Michaux, Henri 1899-1984--Critique et interprétation|Michaux, Henri 1899-1984--Critique et interprétation|Michaux, Henri 1899-1984 | O68: Bertelé, René 1908-1973 070 | P68: Michaux, Henri 1899-1984 | S68: ACT | T68: 37504003904065 | U68: =IFERROR(VLOOKUP(T68,RQC!B$2:B$23143,9,FALSE),0) -> 0 | V68: PAPI | W68: TROI | X68: LL | Y68: DI
A69: 231246 | B69: 2-232-10300-5 | C69: fre | D69: FR | E69: 840"19" MORH 5 VE | F69: Pierre Morhange / Franck Venaille | G69: LIVRE | H69: Seghers, | I69: 1992 | J69: 198 p.-[4] p. de pl. : couv. ill. ; 16 cm | K69: Poètes d'aujourd'hui ; | M69: 840"19" MORH | N69: Morhange, Pierre 1901-1972--Critique et interprétation | O69: Venaille, Franck 1936-2018 | P69: Morhange, Pierre 1901-1972 | S69: ACT | T69: 37504000009819 | U69: =IFERROR(VLOOKUP(T69,RQC!B$2:B$23143,9,FALSE),0) -> 0 | V69: PAPI | W69: TROI | X69: LL | Y69: DI
A70: 97752 | C70: fre | D70: FR | E70: 840"19" NEVE.G 5 MA | F70: Gérald Neveu : choix de poèmes, bibliographie, illustrations / Jean Malrieu | G70: LIVRE | H70: Seghers, | I70: 1974 | J70: 191 p. ; 16 cm | K70: Poètes d'aujourd'hui ; | M70: 840"19" NEVE.G | N70: Neveu, Gérald 1921-1960 | P70: Malrieu, Jean 1915-1976 | S70: ACT | T70: 37504003264957 | U70: =IFERROR(VLOOKUP(T70,RQC!B$2:B$23143,9,FALSE),0) -> 0 | V70: PAPI | W70: TROI | X70: LL | Y70: DI
A71: 54667 | B71: 2-232-10022-7 | C71: fre | D71: FR | E71: 840"19" NOEL.B 5 CA | F71: Bernard Noël / Hervé Carn | G71: LIVRE | H71: Seghers, | I71: 1986 | J71: 1 vol. (207 p.) : couv. ill. ; 16 cm | K71: Poètes d'aujourd'hui | M71: 840"19" NOEL.B | N71: Noël, Bernard 1930-2021|Noël, Bernard 1930-2021 | O71: Carn, Hervé 1949-.... 070 | S71: ACT | T71: 37504003259601 | U71: =IFERROR(VLOOKUP(T71,RQC!B$2:B$23143,9,FALSE),0) -> 0 | V71: PAPI | W71: TROI | X71: LL | Y71: DI
A72: 177085 | C72: fre | D72: FR | E72: 840"19" PEGU 5 PE | F72: Charles Péguy / Louis Perche | G72: LIVRE | H72: Seghers, | I72: 1969 | K72: Poètes d'aujourd'hui | M72: 840"19" PEGU | N72: Péguy, Charles 1873-1914 | O72: Perche, Louis 1909-2003 | S72: ACT | T72: 37504003470828 | U72: =IFERROR(VLOOKUP(T72,RQC!B$2:B$23143,9,FALSE),0) -> 0 | V72: PAPI | W72: TROI | X72: LL | Y72: DI
A73: 121180 | C73: fre | D73: FR | E73: 840"19" PERE 5 BE | F73: Benjamin Péret / Jean-Louis Bédouin | G73: LIVRE | H73: Seghers, | I73: 1973 | J73: 191 p. ; 16 cm | K73: Poètes d'aujourd'hui ; | M73: 840"19" PERE | N73: Péret, Benjamin 1899-1959 | O73: Bédouin, Jean-Louis 1929-1996 | S73: ACT | T73: 37504003469366 | U73: =IFERROR(VLOOKUP(T73,RQC!B$2:B$23143,9,FALSE),0) -> 0 | V73: PAPI | W73: TROI | X73: LL | Y73: DI
A74: 226132 | B74: 2-232-10333-1 | C74: fre | D74: FR | E74: 840"19" PERR.G 5 RO | F74: Georges Perros / par Jean Roudaut | G74: LIVRE | H74: Seghers, | I74: 1991 | J74: 218 p.-[8] p. de pl. : couv. ill. ; 16 cm | K74: Poètes d'aujourd'hui ; | M74: 840"19" PERR.G | N74: Perros, Georges 1923-1978 | O74: Roudaut, Jean 1929-.... | P74: Perros, Georges 1923-1978 | S74: ACT | T74: 37504003418744 | U74: =IFERROR(VLOOKUP(T74,RQC!B$2:B$23143,9,FALSE),0) -> 0 | V74: PAPI | W74: TROI | X74: LL | Y74: DI
A75: 497729 | B75: 2-232-12228-X | C75: fre | D75: FR | E75: 840"19" PICA.F 5 MA | F75: Francis Picabia / présentation et choix de textes par Pierre de Massot | G75: LIVRE | H75: Seghers, | I75: 2002 | J75: 189 p. : ill. ; 16 cm | K75: Poètes d'aujourd'hui | L75: Peintre et écrivain, F. Picabia (1879-1953) est ici raconté par son ami P. de Massot. D'abord impressionniste, l'artiste s'épanouira principalement sous l'influence du dadaïsme. Sa période dada, particulièrement féconde, verra la composition d'oeuvres picturales et littéraires. | M75: 840"19" PICA.F | N75: Picabia, Francis 1879-1953--Critique et interprétation|Picabia, Francis 1879-1953 | O75: Massot, Pierre de 1900-1969 070 | S75: ACT | T75: 37504005955966 | U75: =IFERROR(VLOOKUP(T75,RQC!B$2:B$23143,9,FALSE),0) -> 0 | V75: PAPI | W75: TROI | X75: LL | Y75: DI
A76: 136354 | C76: fre | D76: FR | E76: 840"19" PIEY 5 ST | F76: André Pieyre de Mandiargues / Salah Stétié | G76: LIVRE | H76: Seghers, | I76: 1978 | J76: 189 p. ; 16 cm | K76: Poètes d'aujourd'hui ; | M76: 840"19" PIEY | N76: Pieyre de Mandiargues, André 1909-1991 | O76: Stétié, Salah 1929-2020 | S76: ACT | T76: 37504000210631 | U76: =IFERROR(VLOOKUP(T76,RQC!B$2:B$23143,9,FALSE),0) -> 0 | V76: PAPI | W76: TROI | X76: LL | Y76: DI
A77: 70141 | B77: 2-221-04652-8 | C77: fre | D77: FR | E77: 840"19" PLEY 5 RI | F77: Marcelin Pleynet / Jacqueline Risset | G77: LIVRE | H77: Seghers, | I77: 1988 | J77: 171 p. : ill., couv. ill. ; 16 cm | K77: Poètes d'aujourd'hui | M77: 840"19" PLEY | N77: Pleynet, Marcelin 1933-....|Pleynet, Marcelin 1933-.... | O77: Risset, Jacqueline 1936-2014 070 | S77: ACT | T77: 37504003425913 | U77: =IFERROR(VLOOKUP(T77,RQC!B$2:B$23143,9,FALSE),0) -> 0 | V77: PAPI | W77: TROI | X77: LL | Y77: DI
A78: 415672 | B78: 2-232-12179-8 | C78: fre | D78: FR | E78: 840"19" PONG 5 SO | F78: Francis Ponge / présentation et antholgie Philippe Sollers | G78: LIVRE | H78: Seghers, | I78: 2001 | J78: 190 p. : ill. ; 16 cm | K78: Poètes d'aujourd'hui | L78: Un essai introductif à l'oeuvre poétique, un choix de textes significatifs, des documents iconographiques, une chronologie et une bibliographie. | M78: 840"19" PONG | N78: Ponge, Francis 1899-1988 | O78: Sollers, Philippe 1936-2023 | P78: Ponge, Francis 1899-1988 | S78: ACT | T78: 37504004983407 | U78: =IFERROR(VLOOKUP(T78,RQC!B$2:B$23143,9,FALSE),0) -> 0 | V78: PAPI | W78: TROI | X78: LL | Y78: DI
A79: 56240 | B79: 2-232-10001-4 | C79: fre | D79: FR | E79: 840"19" REDA 5 MA | F79: Jacques Réda : le désastre et la merveille / Jean-Michel Maulpoix | G79: LIVRE | H79: Seghers, | I79: 1986 | J79: 1 vol. (189 p.) ; in-16 | K79: Poètes d'aujourd'hui | M79: 840"19" REDA | N79: Réda, Jacques 1929-....|Réda, Jacques 1929-.... | O79: Maulpoix, Jean-Michel 1952-.... 070 | S79: ACT | T79: 37504003646401 | U79: =IFERROR(VLOOKUP(T79,RQC!B$2:B$23143,9,FALSE),0) -> 0 | V79: PAPI | W79: TROI | X79: LL | Y79: DI
A80: 184866 | C80: fre | D80: FR | E80: 840"19" RENA.C 5 AL | F80: Jean-Claude Renard / André Alter | G80: LIVRE | H80: Seghers, | I80: 1966 | J80: 190 p. : ill. ; 16 cm | K80: Poétes d'aujourd'hui ; | M80: 840"19" RENA.C | N80: Renard, Jean-Claude 1922-2002 | O80: Alter, André 1910-1994 | S80: ACT | T80: 37504003648795 | U80: =IFERROR(VLOOKUP(T80,RQC!B$2:B$23143,9,FALSE),0) -> 0 | V80: PAPI | W80: TROI | X80: LL | Y80: DI
A81: 17355 | C81: fre | D81: FR | E81: 840"19" RICH 5 AL | F81: André de Richaud / Marc Alyn | G81: LIVRE | H81: Seghers, | I81: 1966 | J81: 190 p. : ill. ; 16 cm | K81: Poètes d'aujourd'hui ; | M81: 840"19" RICH | N81: Richaud, André de 1907-1968 | O81: Alyn, Marc 1937-.... | S81: ACT | T81: 37504003662747 | U81: =IFERROR(VLOOKUP(T81,RQC!B$2:B$23143,9,FALSE),0) -> 0 | V81: PAPI | W81: TROI | X81: LL | Y81: DI
A82: 94206 | C82: fre | D82: FR | E82: 840"19" RICT 5 BR | F82: Choix de textes / de Jehan Rictus ; étude de Théophile Briant | G82: LIVRE | H82: Seghers, | I82: 1973 | J82: 207 p.-pl. ; 16 cm | K82: Poètes d'aujourd'hui ; | M82: 840"19" RICT | O82: Rictus, Jehan 1867-1933 | P82: Briant, Théophile 1891-1956 | S82: ACT | T82: 37504001430360 | U82: =IFERROR(VLOOKUP(T82,RQC!B$2:B$23143,9,FALSE),0) -> 0 | V82: PAPI | W82: TROI | X82: LL | Y82: DI
A83: 154436 | B83: 2-221-00648-8 | C83: fre | D83: FR | E83: 840"19" ROBI.A 5 BO | F83: Armand Robin ou la Passion du verbe / Alain Bourdon | G83: LIVRE | H83: Seghers, | I83: 1981 | J83: 198 p. : couv. ill. ; 16 cm | K83: Poètes d'aujourd'hui ; | M83: 840"19" ROBI.A | N83: Robin, Armand 1912-1961 | O83: Bourdon, Alain 19..-.... 070 | S83: ACT | T83: 37504003657937 | U83: =IFERROR(VLOOKUP(T83,RQC!B$2:B$23143,9,FALSE),0) -> 0 | V83: PAPI | W83: TROI | X83: LL | Y83: DI
A84: 133865 | C84: fre | D84: FR | E84: 840"19" ROCH.D 5 PR | F84: Denis Roche / Christian Prigent | G84: LIVRE | H84: Seghers, | I84: 1977 | J84: 189 p.-[4] p. de pl. : couv. ill. ; 16 cm | K84: Poètes d'aujourd'hui ; | M84: 840"19" ROCH.D | N84: Roche, Denis 1937-2015|Roche, Denis 1937-2015 | O84: Prigent, Christian 1945-.... 070 | Q84: Rachat | S84: ACT | T84: 37504006338709 | U84: =IFERROR(VLOOKUP(T84,RQC!B$2:B$23143,9,FALSE),0) -> 0 | V84: PAPI | W84: TROI | X84: LL | Y84: DI
A85: 47051 | B85: 2-221-04438-X | C85: fre | D85: FR | E85: 840"19" ROUB 5 DA | F85: Jacques Roubaud / Robert Davreu | G85: LIVRE | H85: Seghers, | I85: 1985 | J85: 207 p. : couv. ill. ; 16 cm | K85: Poètes d'aujourd'hui | M85: 840"19" ROUB | N85: Roubaud, Jacques 1932-....--Critique et interprétation|Roubaud, Jacques 1932-.... | O85: Davreu, Robert 1944-2013 070 | S85: ACT | T85: 37504003665690 | U85: =IFERROR(VLOOKUP(T85,RQC!B$2:B$23143,9,FALSE),0) -> 0 | V85: PAPI | W85: TROI | X85: LL | Y85: DI
A86: 168825 | C86: fre | E86: 840"19" ROUS 5 CA | F86: Raymond Roussel / Bernard Caburet | G86: LIVRE | H86: P. Seghers, | I86: 1968 | K86: Poètes d'aujourd'hui ; | M86: 840"19" ROUS | O86: Caburet, Bernard 19..-.... critique littéraire | S86: ACT | T86: 37504003665856 | U86: =IFERROR(VLOOKUP(T86,RQC!B$2:B$23143,9,FALSE),0) -> 0 | V86: PAPI | W86: TROI | X86: LL | Y86: DI
A87: 131079 | C87: fre | D87: FR | E87: 840"19" SABA 5 BO | F87: Robert Sabatier / Alain Bosquet, Robert Sabatier | G87: LIVRE | H87: Seghers, | I87: 1978 | J87: 158 p.-pl. ; 16 cm | K87: Poètes d'aujourd'hui ; | M87: 840"19" SABA | N87: Sabatier, Robert 1923-2012 | O87: Bosquet, Alain 1919-1998 | P87: Sabatier, Robert 1923-2012 | S87: ACT | T87: 37504003658984 | U87: =IFERROR(VLOOKUP(T87,RQC!B$2:B$23143,9,FALSE),0) -> 0 | V87: PAPI | W87: TROI | X87: LL | Y87: DI
A88: 96394 | C88: fre | D88: FR | E88: 840"19" SEGA 5 BE | F88: Victor-Segalen / Jean-Louis Bédouin | G88: LIVRE | H88: Seghers, | I88: 1973 | J88: 206 p. ; 16 cm | K88: Poètes d'aujourd'hui ; | M88: 840"19" SEGA | N88: Segalen, Victor 1878-1919 | O88: Bédouin, Jean-Louis 1929-1996 | S88: ACT | T88: 37504003812979 | U88: =IFERROR(VLOOKUP(T88,RQC!B$2:B$23143,9,FALSE),0) -> 0 | V88: PAPI | W88: TROI | X88: LL | Y88: DI
A89: 4783 | C89: fre | D89: FR | E89: 840"19" SEGH 5 SE | F89: Pierre Seghers par l'auteur / Pierre Seghers | G89: LIVRE | H89: Seghers, | I89: 1973 | J89: 193 p. : ill. ; 16 cm | K89: Poètes d'aujourd'hui ; | M89: 840"19" SEGH | N89: Seghers, Pierre 1906-1987 | O89: Seghers, Pierre 1906-1987 | S89: ACT | T89: 37504003813134 | U89: =IFERROR(VLOOKUP(T89,RQC!B$2:B$23143,9,FALSE),0) -> 0 | V89: PAPI | W89: TROI | X89: LL | Y89: DI
A90: 251495 | B90: 2-232-10298-X | C90: fre | D90: FR | E90: 840"19" STEF 5 SI | F90: Jude Stéfan / par Michel Sicard | G90: LIVRE | H90: Seghers, | I90: 1994 | J90: 231 p. : ill., couv. ill. ; 16 cm | K90: Poètes d'aujourd'hui ; | M90: 840"19" STEF | N90: Stéfan, Jude 1930-2020--Critique et interprétation | O90: Sicard, Michel 1950-.... | P90: Stéfan, Jude 1930-2020 | S90: ACT | T90: 37504000348233 | U90: =IFERROR(VLOOKUP(T90,RQC!B$2:B$23143,9,FALSE),0) -> 0 | V90: PAPI | W90: TROI | X90: LL | Y90: DI
A91: 118101 | C91: fre | D91: FR | E91: 840"19" STJO 5 BO | F91: Saint-John Perse / Alain Bosquet | G91: LIVRE | H91: Seghers, | I91: 1977 | J91: 206 p. : ill. ; 16 cm | K91: Poètes d'aujourd'hui ; | M91: 840"19" STJO | N91: Saint-John Perse 1887-1975 | O91: Bosquet, Alain 1919-1998 | S91: ACT | T91: 37504003816871 | U91: =IFERROR(VLOOKUP(T91,RQC!B$2:B$23143,9,FALSE),0) -> 0 | V91: PAPI | W91: TROI | X91: LL | Y91: DI
A92: 135831 | C92: fre | D92: FR | E92: 840"19" TARD 5 NO | F92: Jean Tardieu / Emilie Noulet, Jean Tardieu | G92: LIVRE | H92: Seghers, | I92: 1978 | J92: 192 p.-pl. ; 16 cm | K92: Poètes d'aujourd'hui ; | M92: 840"19" TARD | N92: Tardieu, Jean 1903-1995 | O92: Noulet, Émilie 1892-1978 | P92: Tardieu, Jean 1903-1995 | S92: ACT | T92: 37504003822911 | U92: =IFERROR(VLOOKUP(T92,RQC!B$2:B$23143,9,FALSE),0) -> 0 | V92: PAPI | W92: TROI | X92: LL | Y92: DI
A93: 28215 | B93: 2-221-04301-4 | C93: fre | D93: FR | E93: 840"19" TORT 5 JE | F93: Jean Tortel ; suivi d'un entretien avec Henri Deluy / Raymond Jean, Jean Tortel, Henri Deluy | G93: LIVRE | H93: Seghers, | I93: 1984 | J93: 206 p. : ill. ; 16 cm | K93: Poètes d'aujourd'hui ; | M93: 840"19" TORT | N93: Tortel, Jean 1904-1993 | O93: Jean, Raymond 1925-2012 | P93: Tortel, Jean 1904-1993|Deluy, Henri 1931-2021 | S93: ACT | T93: 37504003824065 | U93: =IFERROR(VLOOKUP(T93,RQC!B$2:B$23143,9,FALSE),0) -> 0 | V93: PAPI | W93: TROI | X93: LL | Y93: DI
A94: 56320 | B94: 2-232-10025-1 | C94: fre | D94: FR | E94: 840"19" TOUR.A 5 LO | F94: Toursky / Paul Lombard ; [préf.] par Jean Tortel | G94: LIVRE | H94: Seghers, | I94: 1986 | J94: 221 p. : ill., couv. ill. ; 16 cm | K94: Poètes d'aujourd'hui | M94: 840"19" TOUR.A | N94: Toursky, Alexandre 1917-1970--Critique et interprétation|Toursky, Alexandre 1917-1970 | O94: Lombard, Paul 1927-2017 070 | P94: Tortel, Jean 1904-1993 | S94: ACT | T94: 37504003824396 | U94: =IFERROR(VLOOKUP(T94,RQC!B$2:B$23143,9,FALSE),0) -> 0 | V94: PAPI | W94: TROI | X94: LL | Y94: DI
A95: 22535 | C95: fre | D95: FR | E95: 840"19" VALE 5 CH | F95: Paul Valéry : un essai / Jacques Charpier | G95: LIVRE | H95: Seghers, | I95: 1970 | J95: 187 p. : ill. ; 16 cm | K95: Poètes d'aujourd'hui ; | M95: 840"19" VALE | N95: Valéry, Paul 1871-1945 | O95: Charpier, Jacques 1926-1993 | S95: ACT | T95: 37504003932728 | U95: =IFERROR(VLOOKUP(T95,RQC!B$2:B$23143,9,FALSE),0) -> 0 | V95: PAPI | W95: TROI | X95: LL | Y95: DI
A96: 161530 | B96: 2-221-00895-2 | C96: fre | D96: FR | E96: 840"19" VENA 5 MO | F96: Franck Venaille / Georges Mounin | G96: LIVRE | H96: Seghers, | I96: 1982 | J96: 189 p. : couv. ill. ; 16 cm | K96: Poètes d'aujourd'hui ; | M96: 840"19" VENA | N96: Poètes français--1970-....|Venaille, Franck 1936-2018|Venaille, Franck 1936-2018 | O96: Mounin, Georges 1910-1993 070 | S96: ACT | T96: 37504003932884 | U96: =IFERROR(VLOOKUP(T96,RQC!B$2:B$23143,9,FALSE),0) -> 0 | V96: PAPI | W96: TROI | X96: LL | Y96: DI
A97: 99067 | C97: fre | D97: FR | E97: 840"19" VIAN 5 CL | F97: Boris, Vian / Jean Clouzet ; Paris | G97: LIVRE | H97: Seghers, | I97: 1976 | J97: 187 p.-pl. ; 16 cm | K97: Poètes d'aujourd'hui ; | M97: 840"19" VIAN | N97: Vian, Boris 1920-1959 | O97: Clouzet, Jean 19..-1978 | S97: ACT | T97: 37504003935770 | U97: =IFERROR(VLOOKUP(T97,RQC!B$2:B$23143,9,FALSE),0) -> 0 | V97: PAPI | W97: TROI | X97: LL | Y97: DI
A98: 130961 | C98: fre | D98: FR | E98: 840"19" VIGE 5 LA | F98: Claude Vigée / Jean-Yves Lartichaux, Claude Vigée | G98: LIVRE | H98: Seghers, | I98: 1978 | J98: 182 p. : ill. ; 16 cm | K98: Poètes d'aujourd'hui ; | M98: 840"19" VIGE | N98: Vigée, Claude 1921-2020 | O98: Lartichaux, Jean-Yves | P98: Vigée, Claude 1921-2020 | S98: ACT | T98: 37504003937321 | U98: =IFERROR(VLOOKUP(T98,RQC!B$2:B$23143,9,FALSE),0) -> 0 | V98: PAPI | W98: TROI | X98: LL | Y98: DI
A99: 6717 | C99: fre | D99: FR | E99: 840"19" VILM 5 VI | F99: Essai sur Louise de Vilmorin / André de Vilmorin ; Avant-propos de Jean Cocteau | G99: LIVRE | H99: P. Seghers, | I99: 1972 | J99: 220 p. : ill. ; 16 cm | K99: Poètes d'aujourd'hui ; | M99: 840"19" VILM | N99: Vilmorin, Louise de 1902-1969 | O99: Vilmorin, André Lévêque de 1907-1987 | P99: Vilmorin, Louise de 1902-1969|Cocteau, Jean 1889-1963 | S99: ACT | T99: 37504003937503 | U99: =IFERROR(VLOOKUP(T99,RQC!B$2:B$23143,9,FALSE),0) -> 0 | V99: PAPI | W99: TROI | X99: LL | Y99: DI
A100: 189121 | C100: fre | D100: FR | E100: 841 AYGU 5 BE | F100: Albert Aygueparse / Jacques Belmans | G100: LIVRE | H100: P. Seghers, | I100: 1967 | J100: 192 p. ; 16 cm | K100: Poétes d'aujourd'hui ; | M100: 841 AYGU | O100: Belmans, Jacques | S100: ACT | T100: 37504003965371 | U100: =IFERROR(VLOOKUP(T100,RQC!B$2:B$23143,9,FALSE),0) -> 0 | V100: PAPI | W100: TROI | X100: LL | Y100: DI
...

Sheet RQC
A1: Numéro de séquence | B1: Code barre | C1: Cote | D1: Titre | E1: Editeur | F1: Auteur | G1: Date | H1: Sous localisation | I1: Catégorie documentaire | J1: Consultations
A2: 229573 | B2: 37504000000453 | C2: 830"19" KRUG.M 4 EN | D2: Das Ende des Romans : eine Novelle / Michael Krüger | E2: Salzburg : Residenz, 1990 | F2: Krüger, Michael 1943-.... | G2: 1990 | H2: TROI | I2: LL | J2: 1
A3: 231305 | B3: 37504000003259 | C3: 81-3"04/14" STA | D3: Histoire européenne du roman médiéval : esquisse et perspectives / Michel Stanesco, Michel Zink | E3: Paris : Presses universitaires de France, 1992 | F3: Stanesco, Michel 1942-2008 | G3: 1992 | H3: TROI | I3: LL | J3: 1
A4: 228748 | B4: 37504000003812 | C4: 840"19" PICA.F 4 PO | D4: Poèmes et dessins de la fille née sans mère / Francis Picabia | E4: Paris : Ed. Allia, 1992 | F4: Picabia, Francis 1879-1953 070 | G4: 1992 | H4: TROI | I4: LL | J4: 1
A5: 228750 | B5: 37504000003820 | C5: 840"19" PICA.F 4 UN | D5: Unique eunuque / Francis Picabia ; avec un portrait de l'auteur par lui-même ; et une préf. par Tristan Tzara | E5: Paris : Ed. Allia, 1992 | F5: Picabia, Francis 1879-1953 070 | G5: 1992 | H5: TROI | I5: LL | J5: 1
A6: 231320 | B6: 37504000004257 | C6: 868.3 BORG 6 | D6: L'univers de Borges : Album réalisé à l'occasion de l'exposition "L'univers de Borges", organisée par la BPI au Cent | E6: Paris : Bibliothèque publique d'information/Centre Pompidou, 1992 | F6: Cabannes, Viviane | G6: 1992 | H6: TROI | I6: LL | J6: 1
A7: 230653 | B7: 37504000004406 | C7: 831 RILK 44 | D7: Ein Gespräch in Briefen / Rainer Maria Rilke und Marina Zwetajewa ; hrsg. von Konstantin M. Asadowski ; [aus dem Russisc | E7: Frankfurt am Main : Insel, 1992 | F7: Rilke, Rainer Maria 1875-1926 | G7: 1992 | H7: TROI | I7: LL | J7: 2
A8: 230657 | B8: 37504000004448 | C8: 831 HAND 2 | D8: Die Theaterstücke / Peter Handke | E8: Frankfurt am Main : Suhrkamp, 1992 | F8: Handke, Peter 1942-.... | G8: 1992 | H8: TROI | I8: LL | J8: 1
A9: 230036 | B9: 37504000005676 | C9: 862 BAUC 3 | D9: Obra poètica 1959-1983 / Miquel Bauçà | E9: Barcelona : Empúries, 1987 | F9: Bauçà, Miquel 1940-.... | G9: 1987 | H9: TROI | I9: LL | J9: 1
A10: 231006 | B10: 37504000007045 | C10: 840"19" ISOU 2 | D10: Entretiens avec Isidore Isou / Frédérique Devaux | E10: [Charlieu] : La Bartavelle éd., 1992 | F10: Devaux Yahi, Frédérique 1956-.... | G10: 1992 | H10: TROI | I10: LL | J10: 2
A11: 231314 | B11: 37504000009033 | C11: 81(082) PAT | D11: Patrimoine littéraire européen : anthologie en langue française / sous la dir. de Jean-Claude Polet ; préf. de Claude Pi | E11: Bruxelles : De Boeck-Wesmael, 1992-2000 | G11: 1992 | H11: TROI | I11: LL | J11: 1
A12: 226310 | B12: 37504000009405 | C12: 820"19" PYM. 5 WY | D12: Barbara Pym : a critical biography / Anne M. Wyatt-Brown | E12: Columbia, MO : University of Missouri Press, 1992 | F12: Wyatt-Brown, Anne M. 1939-.... | G12: 1992 | H12: TROI | I12: LL | J12: 1
A13: 219018 | B13: 37504000009629 | C13: 840"19" PROU 44 | D13: Correspondance avec Daniel Halévy / Marcel Proust ; texte établi, présenté et annoté par Anne Borrel et Jean-Pierre | E13: Paris : de Fallois, 1992 | F13: Proust, Marcel 1871-1922 | G13: 1992 | H13: TROI | I13: LL | J13: 2
A14: 235330 | B14: 37504000010601 | C14: 840"17" LOAI 5 GI | D14: L'espace de la douleur chez Loaisel de Tréogate : 1752-1812 / Raphaël Gimenez | E14: Fleury-sur-Orne : Minard, 1993 | F14: Gimenez, Raphaël 070 | G14: 1992 | H14: TROI | I14: LL | J14: 1
A15: 237284 | B15: 37504000011062 | C15: 81.043(082) ANT | D15: Anthologie de l'amour sublime / [publ. par] Benjamin Péret | E15: Paris : A. Michel, 1988 | G15: 1988 | H15: TROI | I15: LL | J15: 1
A16: 237283 | B16: 37504000011070 | C16: 81-4 LEJ | D16: Je est un autre : l'autobiographie, de la littérature aux médias / Philippe Lejeune | E16: Paris : Éditions du Seuil, 1980 | F16: Lejeune, Philippe 1938-.... 070 | G16: 1980 | H16: TROI | I16: LL | J16: 7
A17: 239496 | B17: 37504000011104 | C17: 840"19" GUIL 4 EL | D17: Elle / Guillevic ; [ill. par] Pierre-Yves Gervais | E17: [Paris] : Deyrolle éd., 1993 | F17: Guillevic, Eugène 1907-1997 070 | G17: 1993 | H17: TROI | I17: LL | J17: 1
A18: 236486 | B18: 37504000011112 | C18: 840"19" LEIR 4 EV | D18: L'évasion souterraine / Michel Leiris ; [texte établi et présenté par Catherine Maubon] ; [ill. de Xavier] | E18: [Saint-Clément] : Fata Morgana, 1992 | F18: Leiris, Michel 1901-1990 070 | G18: 1992 | H18: TROI | I18: LL | J18: 2
A19: 236538 | B19: 37504000011153 | C19: 840"19" ARAG 4 LA | D19: Lautréamont et nous / Aragon | E19: Pin-Balma route de l'Eglise, 31130 : Sables, 1992 | F19: Aragon, Louis 1897-1982 | G19: 1992 | H19: TROI | I19: LL | J19: 1
A20: 237245 | B20: 37504000012011 | C20: 840"19" VALE 5 JA | D20: Paul Valéry / par Michel Jarrety | E20: Paris : Hachette supérieur, 1992 | F20: Jarrety, Michel 1953-.... 070 | G20: 1992 | H20: TROI | I20: LL | J20: 3
A21: 237521 | B21: 37504000012193 | C21: 886.1 KIS. 4 CA | D21: La leçon d'anatomie / Danilo Kiš ; trad. du serbo-croate par Pascale Delpech | E21: Paris : Fayard, 1993 | F21: Kiš, Danilo 1935-1989 | G21: 1993 | H21: TROI | I21: LL | J21: 1
A22: 232857 | B22: 37504000012607 | C22: 840"19" GRAI 4 OM | D22: L'ombre de la bête / Patrick Grainville | E22: Paris : Balland, 1993 | F22: Grainville, Patrick 1947-.... | G22: 1993 | H22: TROI | I22: LL | J22: 1
A23: 238164 | B23: 37504000013365 | C23: 830"19" BALL 4 FL | D23: La fuite hors du temps : journal 1913-1921 / Hugo Ball ; préf. de Hermann Hesse ; trad. de l'allemand par Sabine Wolf | E23: Monaco [Paris] : Éd. du Rocher, 1993 | F23: Ball, Hugo 1886-1927 070 | G23: 1993 | H23: TROI | I23: LL | J23: 4
A24: 238238 | B24: 37504000013449 | C24: 81 RAB | D24: La pénultième est morte : spectographies de la modernité... / Jean-Michel Rabat | E24: Seyssel : Champ Vallon, 1993 | F24: Rabaté, Jean-Michel 1949-.... 070 | G24: 1993 | H24: TROI | I24: LL | J24: 3
A25: 238266 | B25: 37504000013613 | C25: 840(03) DIC | D25: Dictionnaire des oeuvres érotiques : domaine français | E25: Paris : Mercure de France, 1971 | G25: 1971 | H25: TROI | I25: LL | J25: 2
A26: 237870 | B26: 37504000013662 | C26: 840"19" COCT 44 | D26: Correspondance / Jacques-Émile Blanche, Jean Cocteau ; éd. établie et présentée par Maryse Renault-Garneau | E26: Paris : la Table ronde, 1993 | F26: Blanche, Jacques-Émile 1861-1942 | G26: 1993 | H26: TROI | I26: LL | J26: 2
A27: 237808 | B27: 37504000013753 | C27: 840"19" AUDI 5 CO | D27: Audiberti, cavalier seul : colloque international / organisé par la Bibliothèque nationale et l'Association des amis de | E27: Paris : Bibliothèque nationale, 1992 | G27: 1992 | H27: TROI | I27: LL | J27: 1
A28: 238248 | B28: 37504000013837 | C28: 840"18" HUGO 6 | D28: Victor Hugo peintre : Venise, Galleria d'Arte Moderna Ca' Pesaro, 13 mars-23 mai 1993 | E28: Milan : Mazzotta, 1993 | G28: 1993 | H28: TROI | I28: LL | J28: 2
A29: 239546 | B29: 37504000014298 | C29: 840"19" PERE.G 4 CH | D29: Les choses : une histoire des années soixante / Georges Perec | E29: Paris : Julliard, 1993 | F29: Perec, Georges 1936-1982 070 | G29: 1993 | H29: TROI | I29: LL | J29: 8
A30: 239616 | B30: 37504000014397 | C30: 840"19" DAUM 5 RE | D30: René Daumal / dossier conçu et dirigé par Pascal Sigoda | E30: Lausanne : Age d'homme, 1993 | G30: 1993 | H30: TROI | I30: LL | J30: 5
A31: 234516 | B31: 37504000015360 | C31: 846.1 COSS 4 VI | D31: La violence et la dérision : roman / Albert Cossery | E31: Paris : J. Losfeld, 1993 | F31: Cossery, Albert 1913-2008 070 | G31: 1993 | H31: TROI | I31: LL | J31: 1
A32: 234519 | B32: 37504000015378 | C32: 840"19" RACH.M 4 MO | D32: Mon étrange plaisir / Rachilde ; préf. de Edith Silve | E32: [Paris] : J. Losfeld, 1993 | F32: Rachilde 1860-1953 070 | G32: 1993 | H32: TROI | I32: LL | J32: 1
A33: 240068 | B33: 37504000016863 | C33: 869 CARV.J 4 AR | D33: Os armários vazios / Maria Judite de Carvalho | E33: Lisboa : Bertrand, 1978 | F33: Carvalho, Maria Judite de 1921-1998 | G33: 1978 | H33: TROI | I33: LL | J33: 1
A34: 238913 | B34: 37504000018406 | C34: 868.47 ARGU 5 JO | D34: José María Arguedas : indigenismo y mestizaje cultural como crisis contemporánea hispanoamericana / José Carlos Rovira ( | E34: Barcelona : Anthropos, 1992 | G34: 1992 | H34: TROI | I34: LL | J34: 1
A35: 239549 | B35: 37504000018935 | C35: 840"19" FOLL 4 AG | D35: Agendas 1926-1971 / Jean Follain ; éd. établie et annot. par Claire Paulhan | E35: Paris : Seghers, 1993 | F35: Follain, Jean 1903-1971 070 | G35: 1993 | H35: TROI | I35: LL | J35: 1
A36: 240133 | B36: 37504000019974 | C36: 820"15" SHAK 4 TW | D36: La Nuit des rois / William Shakespeare ; adapt. de Alexis Curvers. Épiphanie, révoltes et carnavals : postface / [Alex | E36: Paris : Actes Sud - Papiers, 1990 | F36: Shakespeare, William 1564-1616 070 | G36: 1990 | H36: TROI | I36: LL | J36: 1
A37: 230589 | B37: 37504000020634 | C37: 820"17" BLAK 2 | D37: Les chants de l'innocence / Blake ; trad. et postf. de Alain Suied | E37: Paris : Arfuyen, 1992 | F37: Blake, William 1757-1827 070 | G37: 1992 | H37: TROI | I37: LL | J37: 1
A38: 230579 | B38: 37504000020790 | C38: 840(091) GOU | D38: Gens de lettres, écrivains et bohèmes : l'imaginaire littéraire : 1630-1900 / Jean-M. Goulemot et Daniel Oster | E38: Paris : Minerve, 1992 | F38: Goulemot, Jean 1937-2023 070 | G38: 1992 | H38: TROI | I38: LL | J38: 1
A39: 230705 | B39: 37504000020832 | C39: 84.91 LEC | D39: La chair du verbe : histoire et poétique des surréalismes de langue française / Bernard Lecherbonnier | E39: Paris : Publisud, 1992 | F39: Lecherbonnier, Bernard 1942-.... | G39: 1992 | H39: TROI | I39: LL | J39: 2
A40: 231923 | B40: 37504000023349 | C40: 840"18" DAUD 4 EN | D40: L'enterrement d'une étoile ou la Fedor / Alphonse Daudet ; préf. de Laurent Valette | E40: Morsang-sur-Orge : Safrat, 1992 | F40: Daudet, Alphonse 1840-1897 | G40: 1992 | H40: TROI | I40: LL | J40: 2
A41: 66218 | B41: 37504000024255 | C41: 840"19" BRET 1 | D41: Oeuvres complètes / André Breton ; éd. établie par Marguerite Bonnet | E41: Paris : Gallimard, 1992-2008 | F41: Breton, André 1896-1966 070 | G41: 1992 | H41: TROI | I41: LL | J41: 27
A42: 231898 | B42: 37504000024545 | C42: 840(091) RHE | D42: Rhétoriques fin de siècle / essais réunis et présentés par Mary Shaw et François Cornilliat | E42: [Paris] : C. Bourgois, 1992 | G42: 1992 | H42: TROI | I42: LL | J42: 1
A43: 231267 | B43: 37504000025336 | C43: 832 FRIS 1 | D43: Gesammelte Werke in zeitlicher Folge : Jubiläumsausgabe in sieben Bänden, 1931-1985 / Max Frisch ; hrsg. von Hans Mayer | E43: Frankfurt am Main : Suhrkamp, 1986 | F43: Frisch, Max 1911-1991 | G43: 1986 | H43: TROI | I43: LL | J43: 1
A44: 231267 | B44: 37504000025369 | C44: 832 FRIS 1 | D44: Gesammelte Werke in zeitlicher Folge : Jubiläumsausgabe in sieben Bänden, 1931-1985 / Max Frisch ; hrsg. von Hans Mayer | E44: Frankfurt am Main : Suhrkamp, 1986 | F44: Frisch, Max 1911-1991 | G44: 1986 | H44: TROI | I44: LL | J44: 1
A45: 231254 | B45: 37504000025609 | C45: 832 WALS 5 MA | D45: Das Leben Robert Walsers : eine dokumentarische Biographie / Robert Mächler | E45: Frankfurt am Main : Suhrkamp, 1992 | F45: Mächler, Robert 1909-1996 | G45: 1992 | H45: TROI | I45: LL | J45: 1
A46: 230077 | B46: 37504000025716 | C46: 840-3"17" CAZ | D46: Le système du libertinage de Crébillon à Laclos / Colette Cazenobe | E46: Oxford : Clarendon Press, 1991 | F46: Cazenobe, Colette 1929-.... | G46: 1991 | H46: TROI | I46: LL | J46: 1
A47: 231877 | B47: 37504000025914 | C47: 840"17" BROS 44 | D47: Lettres familières / Charles de Brosses ; texte établi par Giuseppina Cafasso ; introd., notes et bibliogr. par Letizia | E47: Naples : Centre Jean Bérard, 1991 | F47: Brosses, Charles de 1709-1777 | G47: 1991 | H47: TROI | I47: LL | J47: 1
A48: 221825 | B48: 37504000026441 | C48: 821 FAUL 2 | D48: Le faune de marbre Un rameau vert / William Faulkner ; trad. d'Alain Suied, trad. de René-Noël Raimbaut rev. par Alain S | E48: [Paris] : Gallimard, 1992 | F48: Faulkner, William 1897-1962 | G48: 1992 | H48: TROI | I48: LL | J48: 2
A49: 52317 | B49: 37504000026847 | C49: 840"17" VOLT 5 PO | D49: Voltaire en son temps / [sous la dir. de] René Pomeau | E49: Oxford : Voltaire foundation, 1985-1994 | G49: 1985 | H49: TROI | I49: LL | J49: 1
A50: 231455 | B50: 37504000026870 | C50: 820"19" RHYS 4 WI | D50: Wide Sargasso Sea / Jean Rhys | E50: London : Bloomsbury, 1992 | F50: Rhys, Jean 1890-1979 | G50: 1992 | H50: TROI | I50: LL | J50: 2
A51: 227588 | B51: 37504000027472 | C51: 821 BART 5 FO | D51: Understanding John Barth / by Stan Fogel and Gordon Slethaug | E51: Columbia, S.C. : University of South Carolina Press, 1990 | F51: Fogel, Stanley | G51: 1990 | H51: TROI | I51: LL | J51: 1
A52: 226002 | B52: 37504000027548 | C52: 82.33 ROG | D52: Roget's international thesaurus / ed. by Robert L. Chapman | E52: New York, N. Y. : HarperCollins, 1992 | G52: 1992 | H52: TROI | I52: LL | J52: 1
A53: 226612 | B53: 37504000027910 | C53: 850"18" DEAM 4 SU | D53: Sull'Oceano / Edmondo De Amicis ; pref. di Mino Milani | E53: Como : Ibis, 1991 | F53: De Amicis, Edmondo 1846-1908 | G53: 1991 | H53: TROI | I53: LL | J53: 3
A54: 223319 | B54: 37504000028348 | C54: 821 CATH 5 SE | D54: Willa Cather : a memoir / by Elizabeth Shepley Sergeant | E54: Athens : Ohio University Press, 1992 | F54: Sergeant, Elizabeth Shepley | G54: 1992 | H54: TROI | I54: LL | J54: 1
A55: 233423 | B55: 37504000030351 | C55: 871 CORN 1 | D55: Oeuvres / Cornelius Nepos ; texte établi et trad. par Anne-Marie Guillemin | E55: Paris : les Belles lettres, 1992 | F55: Nepos, Cornelius 0100?-0025? av. J.-C. 070 | G55: 1992 | H55: TROI | I55: LL | J55: 2
A56: 234188 | B56: 37504000031565 | C56: 882 BOUN 2 | D56: Mon coeur pris par la tombe / Ivan A. Bounine ; choix, trad. du russe et présentation par Madeleine de Villaine ; avant | E56: [Paris] : la Différence, 1992 | F56: Bunin, Ivan Alekseevič 1870-1953 070 | G56: 1992 | H56: TROI | I56: LL | J56: 1
A57: 234185 | B57: 37504000031649 | C57: 882 TSVE 2 | D57: Des poètes : Maïakovski, Pasternak, Kouzmine, Volochine / Marina Tsvetaeva ; une éd. de Efim Etkind ; trad. du russe | E57: Paris : Des femmes, 1992 | F57: Cvetaeva, Marina Ivanovna 1892-1941 | G57: 1992 | H57: TROI | I57: LL | J57: 1
A58: 226830 | B58: 37504000032209 | C58: 820(082)"19" SUR | D58: Surrealist poetry in English / ed. and with an introd. by Edward B. Germain | E58: London : Penguin, 1978 | G58: 1978 | H58: TROI | I58: LL | J58: 1
A59: 233432 | B59: 37504000032324 | C59: 871 CICE.Q 4 CO | D59: Petit manuel de campagne électorale / Quintus Cicéron. Suivi de L' art de gouverner une province / de Marcus Cicéron | E59: Paris : Arléa, 1992 | F59: Cicéron, Quintus Tullius 0102?-0043 av. J.-C. 070 | G59: 1992 | H59: TROI | I59: LL | J59: 2
A60: 234235 | B60: 37504000033371 | C60: 850"17" GOLD 4 SE | D60: La serva amorosa (La servante aimante) : comédie en trois actes et en prose représentée pour la première fois à Bologne | E60: Paris : Impr. nationale, 1992 | F60: Goldoni, Carlo 1707-1793 | G60: 1992 | H60: TROI | I60: LL | J60: 1
A61: 233237 | B61: 37504000034692 | C61: 860"19" MUNO.A 4 MI | D61: Los misterios de Madrid / Antonio Muñoz Molina | E61: Barcelona : Seix Barral, 1992 | F61: Muñoz Molina, Antonio 1956-.... | G61: 1992 | H61: TROI | I61: LL | J61: 1
A62: 187422 | B62: 37504000035020 | C62: 840(07) CHA | D62: La dissertation littéraire générale. Tome 1 Littérature et création / A. Chassang,... Ch. Senninger,... | E62: [Paris] : Hachette supérieur, 1992 | F62: Chassang, Arsène 1912-1992 070 | G62: 1992 | H62: TROI | I62: LL | J62: 1
A63: 233211 | B63: 37504000036101 | C63: 832 WIDM 4 PA | D63: Le paradis de l'oubli : récit / Urs Widmer ; trad. de l'allemand par Jean-Claude Capèle | E63: [Paris] : Fayard, 1992 | F63: Widmer, Urs 1938-2014 070 | G63: 1992 | H63: TROI | I63: LL | J63: 1
A64: 234058 | B64: 37504000037620 | C64: 831 RILK 1 | D64: Œuvres en prose : récits et essais / Rainer Maria Rilke ; éd. publ. sous la dir. de Claude David ; avec la collab. de | E64: [Paris] : Gallimard, 1993 | F64: Rilke, Rainer Maria 1875-1926 070 | G64: 1993 | H64: TROI | I64: LL | J64: 2
A65: 234284 | B65: 37504000037653 | C65: 882 BROD 2 | D65: Vertumne et autres poèmes / Joseph Brodsky ; trad. du russe par Hélène Henry, André Markowicz et Véronique Schiltz | E65: Paris : Gallimard, 1993 | F65: Brodskij, Iosif Aleksandrovič 1940-1996 | G65: 1993 | H65: TROI | I65: LL | J65: 3
A66: 234365 | B66: 37504000037687 | C66: 840"16" CORN 5 DE | D66: Polyeucte ou le coeur et la grâce / Charles Dédéyan | E66: Paris : Nizet, 1992 | F66: Dédéyan, Charles 1910-2003 | G66: 1992 | H66: TROI | I66: LL | J66: 1
A67: 231880 | B67: 37504000038206 | C67: 840"15" LABO 1 | D67: Oeuvres complètes / d'Estienne de La Boétie ; introd., bibliogr. et notes par Louis Desgraves,... | E67: Bordeaux : William Blake and Co, 1991 | F67: La Boétie, Étienne de 1530-1563 070 | G67: 1991 | H67: TROI | I67: LL | J67: 1
A68: 231880 | B68: 37504000038214 | C68: 840"15" LABO 1 | D68: Oeuvres complètes / d'Estienne de La Boétie ; introd., bibliogr. et notes par Louis Desgraves,... | E68: Bordeaux : William Blake and Co, 1991 | F68: La Boétie, Étienne de 1530-1563 070 | G68: 1991 | H68: TROI | I68: LL | J68: 1
A69: 231829 | B69: 37504000038222 | C69: 885 BLAT 2 | D69: Le passant / Ivan Blatný ; choix de poèmes trad. du tchèque... par Erika Abrams ; présenté par Zbyněk Hejda | E69: Paris : La différence, 1992 | F69: Blatný, Ivan 1919-1990 | G69: 1992 | H69: TROI | I69: LL | J69: 1
A70: 234360 | B70: 37504000038966 | C70: 840"18" DESB 4 DO | D70: Domenica / Marceline Desbordes-Valmore ; éd. par Marc Bertrand | E70: Genève : Droz, 1992 | F70: Desbordes-Valmore, Marceline 1786-1859 | G70: 1992 | H70: TROI | I70: LL | J70: 1
... A73: 233963 | B73: 37504000039873 | C73: 831 CANE 5 GE | D73: La folie Canetti / Roger Gentis | E73: [Paris] : M. Nadeau, 1992 | F73: Gentis, Roger 1928-2019 070 | G73: 1992 | H73: TROI | I73: LL | J73: 2
A74: 233956 | B74: 37504000041408 | C74: 800 CULI 2 | D74: La théorie d'Antoine Culioli : ouvertures et incidences : actes de la table ronde Opérations de repérages et domaines | E74: Gap Paris : Ophrys, 1992 | G74: 1992 | H74: TROI | I74: LL | J74: 6
A75: 232752 | B75: 37504000041655 | C75: 884 FINK 4 PO | D75: Le voyage : roman / Ida Fink ; trad. du polonais par Laurence Dyèvre | E75: Paris : R. Laffont, 1992 | F75: Fink, Ida 1921-2011 | G75: 1992 | H75: TROI | I75: LL | J75: 1
A76: 234319 | B76: 37504000041671 | C76: 884 KRAL 2 | D76: Les retours de la mémoire : récits / Hanna Krall ; trad. du polonais par Margot Carlier-Tomerska | E76: Paris : Albin Michel, 1993 | F76: Krall, Hanna 1935-.... 070 | G76: 1993 | H76: TROI | I76: LL | J76: 1
A77: 228322 | B77: 37504000041945 | C77: 81.01 BOU | D77: Les règles de l'art : genèse et structure du champ littéraire / Pierre Bourdieu | E77: Paris : Éd. du Seuil, 1992 | F77: Bourdieu, Pierre 1930-2002 070 | G77: 1992 | H77: TROI | I77: LL | J77: 4
A78: 234539 | B78: 37504000041994 | C78: 875 HESI 4 TH | D78: Théogonie : la naissance des dieux / Hésiode ; trad., présentation et notes de Annie Bonnafé. précédé d'un essai | E78: Paris : Rivages, 1993 | F78: Hésiode 070 | G78: 1993 | H78: TROI | I78: LL | J78: 5
A79: 233709 | B79: 37504000043248 | C79: 860-1"18" NIE | D79: La poesía del premodernismo español / Katharina Niemeyer | E79: Madrid : Consejo superior de investigaciones cientificas, 1992 | F79: Niemeyer, Katharina | G79: 1992 | H79: TROI | I79: LL | J79: 1
A80: 233716 | B80: 37504000043487 | C80: 868.3 PORC 2 | D80: Voces abandonadas / Antonio Porchia ; Prefacio y edición de Laura Cerrato | E80: Valencia : Pre-textos, 1992 | F80: Porchia, Antonio 1886-1968 | G80: 1992 | H80: TROI | I80: LL | J80: 1
A81: 233698 | B81: 37504000043610 | C81: 86.9 GRA | D81: El español en tres mundos : retenciones y contactos lingüísticos en América y África / Germán de Granda | E81: Valladolid : Universidad de Valladolid, 1991 | F81: Granda, Germán de 1932-2008 | G81: 1991 | H81: TROI | I81: LL | J81: 1
A82: 235078 | B82: 37504000044519 | C82: 840"18" MAUP 5 VA | D82: Guy de Maupassant, Une vie / par Bernard Valette | E82: Paris : Presses universitaires de France, DL 1993 | F82: Valette, Bernard 1948-.... 070 | G82: 1993 | H82: TROI | I82: LL | J82: 1
A83: 235103 | B83: 37504000044527 | C83: 840"17" LAHO 4 DI | D83: Dialogues de monsieur le baron de Lahontan et d'un sauvage dans l'Amérique / Lahontan ; éd. présentée, établie et annoté | E83: Paris : Desjonquères, 1993 | F83: La Hontan, Louis Armand de Lom d'Arce 1666-1716 baron de | G83: 1993 | H83: TROI | I83: LL | J83: 1
A84: 234300 | B84: 37504000045102 | C84: 840"18" FEVA 5 FE | D84: Paul Féval, romancier populaire : colloque de Rennes, 1987 | E84: Rennes : Presses universitaires de Rennes, 1993 | G84: 1993 | H84: TROI | I84: LL | J84: 2
A85: 235098 | B85: 37504000045441 | C85: 840"17" GOUG 5 NO | D85: Olympe de Gouges : 1748-1793 : courtisane et militante des droits de la femme / Paul Noack ; trad. de l'allemand par Isa | E85: Paris : Ed. de Fallois, 1993 | F85: Noack, Paul 1925-.... 070 | G85: 1993 | H85: TROI | I85: LL | J85: 1
A86: 232935 | B86: 37504000046050 | C86: 81-0 MIL | D86: La poétique des textes / Jean Milly | E86: Paris : Nathan, 1992 | F86: Milly, Jean | G86: 1992 | H86: TROI | I86: LL | J86: 1
A87: 235107 | B87: 37504000047330 | C87: 840"16" MOLI 5 DA | D87: Molière ou L'esthétique du ridicule / Patrick Dandrey | E87: Paris : Klincksieck, 1992 | F87: Dandrey, Patrick 1950-.... 070 | G87: 1992 | H87: TROI | I87: LL | J87: 2
A88: 235096 | B88: 37504000048536 | C88: 840(091)"19" PEL | D88: Une pelle au vent dans les sables du rêve : les écritures automatiques / études réunies par Michel Murat et Marie-Paule | E88: Lyon : Presses universitaires de Lyon, 1992 | G88: 1992 | H88: TROI | I88: LL | J88: 2
A89: 236193 | B89: 37504000048726 | C89: 875 BACC 1 | D89: Dithyrambes Épicinies Fragments / Bacchylide ; texte établi par Jean Irigoin ; et trad. par Jacqueline Duchemin et Louis | E89: Paris : les Belles lettres, 1993 | F89: Bacchylide 0518?-0450? av. J.-C. | G89: 1993 | H89: TROI | I89: LL | J89: 5
A90: 235370 | B90: 37504000048965 | C90: 839.6 IBSE 5 BI | D90: "John Gabriel Borkman", d'Henrik Ibsen : une mise en scène de Luc Bondy / Marie-Louise Bischofberger, Jean-Bernard Torr | E90: Paris : Solin : Odéon-Théâtre de l'Europe, 1993 | F90: Bischofberger, Marie-Louise 070 | G90: 1993 | H90: TROI | I90: LL | J90: 1
A91: 235991 | B91: 37504000049286 | C91: 840"19" BATA 5 SU | D91: Georges Bataille, la mort à l'oeuvre / Michel Surya | E91: [Paris] : Gallimard, 1992 | F91: Surya, Michel 1954-.... | G91: 1992 | H91: TROI | I91: LL | J91: 3
A92: 235971 | B92: 37504000049294 | C92: 840"19" APOL 44 | D92: Correspondance / Picasso, Apollinaire ; éd. de Pierre Caizergues et Hélène Seckel ; introd. de Pierre Caizergues | E92: [Paris] : Gallimard : Réunion des Musées nationaux, 1992 | F92: Picasso, Pablo 1881-1973 | G92: 1992 | H92: TROI | I92: LL | J92: 1
A93: 236044 | B93: 37504000049575 | C93: 821 HD.. 4 HE | D93: Hélène en Egypte / H.D. ; trad. de l'anglais et présenté par Jean-Paul Auxeméry | E93: Paris : Éd. de la Différence, 1992 | F93: H. D. 1886-1961 070 | G93: 1992 | H93: TROI | I93: LL | J93: 2
A94: 236042 | B94: 37504000049583 | C94: 821 HD.. 4 SE | D94: Le jardin près de la mer / H. D. ; trad. et préf. de Jean-Paul Auxeméry | E94: [Paris] : la Différence, 1992 | F94: H. D. 1886-1961 070 | G94: 1992 | H94: TROI | I94: LL | J94: 1
A95: 236027 | B95: 37504000049633 | C95: 821 HD.. 2 | D95: Fin du tourment / H.D. suivi de Le livre de Hilda / par Ezra Pound ; trad. de l'anglais, présenté et annoté par Jean-Pau | E95: Paris : Éd. de la Différence, 1992 | F95: H. D. 1886-1961 | G95: 1992 | H95: TROI | I95: LL | J95: 1
A96: 233025 | B96: 37504000049856 | C96: 830"18" HEBB 5 MA | D96: Friedrich Hebbel mit Selbstzeugnissen und Bilddokumenten / dargestellt von Hayo Matthiesen | E96: Reinbek : Rowohlt, 1992 | F96: Matthiesen, Hayo | G96: 1992 | H96: TROI | I96: LL | J96: 1
A97: 234180 | B97: 37504000049864 | C97: 831 RILK 5 NA | D97: Rilke : Leben, Werk und Zeit in Texten und Bildern / hrsg. von Horst Nalewski | E97: Frankfurt am Main : Insel, 1992 | G97: 1992 | H97: TROI | I97: LL | J97: 1
A98: 234340 | B98: 37504000050003 | C98: 830"19" MULL 5 MA | D98: Heiner Müller et le "Lehrstück" / Francine Maier-Schaeffer | E98: Francfort-sur-le-Main : Lang, 1992 | F98: Maier-Schaeffer, Francine 1947-.... | G98: 1992 | H98: TROI | I98: LL | J98: 7
A99: 229536 | B99: 37504000050151 | C99: 848(091) ANT | D99: La littérature franco-antillaise : Haïti, Guadeloupe et Martinique / Régis Antoine | E99: Paris : Éd. Karthala, 1992 | F99: Antoine, Régis | G99: 1992 | H99: TROI | I99: LL | J99: 3
A100: 236096 | B100: 37504000050268 | C100: 840-3"19" LAR | D100: Autour du roman beur : immigration et identité / Michel Laronde | E100: Paris : Éd. l'Harmattan, 1993 | F100: Laronde, Michel 070 | G100: 1993 | H100: TROI | I100: LL | J100: 1
A101: 230230 | B101: 37504000050987 | C101: 846.1(091) DEJ | D101: Maghreb, littératures de langue française / Jean Déjeux | E101: Paris : Arcantère éd., 1993 | F101: Déjeux, Jean 1921-1993 | G101: 1993 | H101: TROI | I101: LL | J101: 1
A102: 235095 | B102: 37504000051076 | C102: 840"18" RIMB 5 RI | D102: Rimbaud : tradition et modernité / Centre de recherches sur la lecture littéraire de l'université de Reims... ; texte | E102: Mont-de-Marsan : Éd. InterUniversitaires, 1992 | F102: Centre de recherche sur la lecture littéraire Reims, Marne 070 | G102: 1992 | H102: TROI | I102: LL | J102: 1
...
